Workbook

Sheet Assumptions & Drivers
A1: *as of 4/22/2025
C2: Annual | D2: Quarterly
B3: Discount Rate (WACC) | C3: 0.103 | D3: =(1+C3)^(1/4)-1 -> 0.024811235
B4: Long-term Growth Rate | C4: 0.03 | D4: =(1+C4)^(1/4)-1 -> 0.0074170718
B6: 2025 Guidance | F6: Sell-Side Price Target
B7: Sales | C7: $4.740B - $4.900B | F7: ='Sell Side Ests'!H4 -> 103.417
B8: Comp store sales | C8: 0 - 3%
B9: Gross margin | C9: 43.4 - 43.7%
B10: Selling and store operating exp | C10: 31.0 - 31.5%
B11: Tax rate | C11: 21 - 22%
B12: D&A | C12: $245M
B13: Capex | C13: $330M - $400M
B14: Store openings | C14: 25
B16: SCENARIOS
B18: Base
C19: 2025 | G19: 2026 | K19: 2027 | O19: 2028 | S19: 2029
B20: Forecast Period Assumptions | C20: Q1 | D20: Q2 | E20: Q3 | F20: Q4 | G20: Q1 | H20: Q2 | I20: Q3 | J20: Q4 | K20: Q1 | L20: Q2 | M20: Q3 | N20: Q4 | O20: Q1 | P20: Q2 | Q20: Q3 | R20: Q4 | S20: Q1 | T20: Q2 | U20: Q3 | V20: Q4
B21: Sales Growth | C21: 0.03 | D21: 0.03 | E21: 0.03 | F21: 0.03 | G21: 0.02 | H21: 0.02 | I21: 0.02 | J21: 0.02 | K21: 0.0175 | L21: 0.0175 | M21: 0.0175 | N21: 0.0175 | O21: 0.01 | P21: 0.01 | Q21: 0.01 | R21: 0.01 | S21: 0.0075 | T21: 0.0075 | U21: 0.0075 | V21: 0.0075
B22: New Stores | C22: 3 | D22: 4 | E22: 7 | F22: 11 | G22: 3 | H22: 4 | I22: 7 | J22: 11 | K22: 3 | L22: 4 | M22: 7 | N22: 11 | O22: 3 | P22: 4 | Q22: 7 | R22: 11 | S22: 3 | T22: 4 | U22: 7 | V22: 11
B23: Total Stores | C23: ='Financial Statements & Metrics'!N4+'Assumptions & Drivers'!C22 -> 254 | D23: =C23+D22 -> 258 | E23: =D23+E22 -> 265 | F23: =E23+F22 -> 276 | G23: =F23+G22 -> 279 | H23: =G23+H22 -> 283 | I23: =H23+I22 -> 290 | J23: =I23+J22 -> 301 | K23: =J23+K22 -> 304 | ... V23: =U23+V22 -> 376
B25: COGS % Rev | C25: ='Financial Statements & Metrics'!$N$104 -> 0.56536568 | D25: ='Financial Statements & Metrics'!$N$104 -> 0.56536568 | E25: ='Financial Statements & Metrics'!$N$104 -> 0.56536568 | F25: ='Financial Statements & Metrics'!$N$104 -> 0.56536568 | G25: ='Financial Statements & Metrics'!$N$104 -> 0.56536568 | H25: ='Financial Statements & Metrics'!$N$104 -> 0.56536568 | I25: ='Financial Statements & Metrics'!$N$104 -> 0.56536568 | J25: ='Financial Statements & Metrics'!$N$104 -> 0.56536568 | ... V25: ='Financial Statements & Metrics'!$N$104 -> 0.56536568
B26: SG&A % Rev | C26: ='Financial Statements & Metrics'!N106 -> 0.38115848 | D26: =C26-(($C$26-$V$26)/19) -> 0.37927518 | E26: =D26-(($C$26-$V$26)/19) -> 0.37739189 | F26: =E26-(($C$26-$V$26)/19) -> 0.37550859 | G26: =F26-(($C$26-$V$26)/19) -> 0.3736253 | H26: =G26-(($C$26-$V$26)/19) -> 0.371742 | I26: =H26-(($C$26-$V$26)/19) -> 0.36985871 | J26: =I26-(($C$26-$V$26)/19) -> 0.36797541 | K26: =J26-(($C$26-$V$26)/19) -> 0.36609211 | ... U26: =T26-(($C$26-$V$26)/19) -> 0.34725916 | V26: ='Financial Statements & Metrics'!P106 -> 0.34537586
B27: D&A % Rev | C27: 0.05 | D27: 0.05 | E27: 0.05 | F27: 0.05 | G27: 0.05 | H27: 0.05 | I27: 0.05 | J27: 0.05 | K27: 0.05 | L27: 0.05 | M27: 0.05 | N27: 0.05 | O27: 0.05 | P27: 0.05 | Q27: 0.05 | R27: 0.05 | S27: 0.05 | T27: 0.05 | U27: 0.05 | V27: 0.05
B28: Tax Rate | C28: 0.215 | D28: 0.215 | E28: 0.215 | F28: 0.215 | G28: ='Financial Statements & Metrics'!$P$113 -> 0.20644366 | H28: ='Financial Statements & Metrics'!$P$113 -> 0.20644366 | I28: ='Financial Statements & Metrics'!$P$113 -> 0.20644366 | J28: ='Financial Statements & Metrics'!$P$113 -> 0.20644366 | K28: ='Financial Statements & Metrics'!$P$113 -> 0.20644366 | L28: ='Financial Statements & Metrics'!$P$113 -> 0.20644366 | M28: ='Financial Statements & Metrics'!$P$113 -> 0.20644366 | N28: ='Financial Statements & Metrics'!$P$113 -> 0.20644366 | ... V28: ='Financial Statements & Metrics'!$P$113 -> 0.20644366
B30: Seasonality | C30: 1.01 | D30: 0.99 | E30: 0.98 | F30: 1.02 | G30: 1.01 | H30: 0.99 | I30: 0.98 | J30: 1.02 | K30: 1.01 | L30: 0.99 | M30: 0.98 | N30: 1.02 | O30: 1.01 | P30: 0.99 | Q30: 0.98 | R30: 1.02 | S30: 1.01 | T30: 0.99 | U30: 0.98 | V30: 1.02
B31: Net Working Capital | C31: =DCF!D14*0.025*C30 -> 28801.122 | D31: =DCF!E14*0.025*D30 -> 29077.726 | E31: =DCF!F14*0.025*E30 -> 29647.532 | F31: =DCF!G14*0.025*F30 -> 31783.365 | G31: =DCF!H14*0.025*G30 -> 32101.198 | H31: =DCF!I14*0.025*H30 -> 32094.842 | I31: =DCF!J14*0.025*I30 -> 32406.065 | J31: =DCF!K14*0.025*J30 -> 34403.336 | ... V31: =DCF!W14*0.025*V30 -> 39537.021
B32: Change in NWC | C32: =C31-'Financial Statements & Metrics'!N$70 -> -12090.878 | D32: =D31-C31 -> 276.60483 | E32: =E31-D31 -> 569.80595 | F32: =F31-E31 -> 2135.8324 | G32: =G31-F31 -> 317.83365 | H32: =H31-G31 -> -6.356673 | I32: =I31-H31 -> 311.22271 | J32: =J31-I31 -> 1997.2717 | K32: =K31-J31 -> 258.86824 | ... V32: =V31-U31 -> 1833.2497
B34: Upside
C35: 2025 | G35: 2026 | K35: 2027 | O35: 2028 | S35: 2029
B36: Forecast Period Assumptions | C36: Q1 | D36: Q2 | E36: Q3 | F36: Q4 | G36: Q1 | H36: Q2 | I36: Q3 | J36: Q4 | K36: Q1 | L36: Q2 | M36: Q3 | N36: Q4 | O36: Q1 | P36: Q2 | Q36: Q3 | R36: Q4 | S36: Q1 | T36: Q2 | U36: Q3 | V36: Q4
B37: Sales Growth | C37: 0.035 | D37: 0.035 | E37: 0.035 | F37: 0.035 | G37: 0.025 | H37: 0.025 | I37: 0.025 | J37: 0.025 | K37: 0.025 | L37: 0.025 | M37: 0.025 | N37: 0.025 | O37: 0.025 | P37: 0.025 | Q37: 0.025 | R37: 0.025 | S37: 0.025 | T37: 0.025 | U37: 0.025 | V37: 0.025
B38: New Stores | C38: 3 | D38: 4 | E38: 7 | F38: 11 | G38: 3 | H38: 4 | I38: 7 | J38: 11 | K38: 3 | L38: 4 | M38: 7 | N38: 11 | O38: 3 | P38: 4 | Q38: 7 | R38: 11 | S38: 3 | T38: 4 | U38: 7 | V38: 11
B39: Total Stores | C39: ='Financial Statements & Metrics'!N4+'Assumptions & Drivers'!C38 -> 254 | D39: =C39+D38 -> 258 | E39: =D39+E38 -> 265 | F39: =E39+F38 -> 276 | G39: =F39+G38 -> 279 | H39: =G39+H38 -> 283 | I39: =H39+I38 -> 290 | J39: =I39+J38 -> 301 | K39: =J39+K38 -> 304 | ... V39: =U39+V38 -> 376
B41: COGS % Rev | C41: ='Financial Statements & Metrics'!$N$104 -> 0.56536568 | D41: =C41-0.0025 -> 0.56286568 | E41: =D41-0.0025 -> 0.56036568 | F41: =E41-0.0025 -> 0.55786568 | G41: =F41-0.0025 -> 0.55536568 | H41: =G41-0.0025 -> 0.55286568 | I41: =H41-0.0025 -> 0.55036568 | J41: =I41-0.0025 -> 0.54786568 | K41: =J41-0.0025 -> 0.54536568 | ... V41: =U41-0.0025 -> 0.51786568
B42: SG&A % Rev | C42: ='Financial Statements & Metrics'!N$106 -> 0.38115848 | D42: =C42-(($C$26-$V$26)/19) -> 0.37927518 | E42: =D42-(($C$26-$V$26)/19) -> 0.37739189 | F42: =E42-(($C$26-$V$26)/19) -> 0.37550859 | G42: =F42-(($C$26-$V$26)/19) -> 0.3736253 | H42: =G42-(($C$26-$V$26)/19) -> 0.371742 | I42: =H42-(($C$26-$V$26)/19) -> 0.36985871 | J42: =I42-(($C$26-$V$26)/19) -> 0.36797541 | K42: =J42-(($C$26-$V$26)/19) -> 0.36609211 | ... U42: =T42-(($C$26-$V$26)/19) -> 0.34725916 | V42: ='Financial Statements & Metrics'!P$106 -> 0.34537586
B43: D&A % Rev | C43: 0.05 | D43: 0.05 | E43: 0.05 | F43: 0.05 | G43: 0.05 | H43: 0.05 | I43: 0.05 | J43: 0.05 | K43: 0.05 | L43: 0.05 | M43: 0.05 | N43: 0.05 | O43: 0.05 | P43: 0.05 | Q43: 0.05 | R43: 0.05 | S43: 0.05 | T43: 0.05 | U43: 0.05 | V43: 0.05
B44: Tax Rate | C44: 0.215 | D44: 0.215 | E44: 0.215 | F44: 0.215 | G44: ='Financial Statements & Metrics'!$P$113 -> 0.20644366 | H44: ='Financial Statements & Metrics'!$P$113 -> 0.20644366 | I44: ='Financial Statements & Metrics'!$P$113 -> 0.20644366 | J44: ='Financial Statements & Metrics'!$P$113 -> 0.20644366 | K44: ='Financial Statements & Metrics'!$P$113 -> 0.20644366 | L44: ='Financial Statements & Metrics'!$P$113 -> 0.20644366 | M44: ='Financial Statements & Metrics'!$P$113 -> 0.20644366 | N44: ='Financial Statements & Metrics'!$P$113 -> 0.20644366 | ... V44: ='Financial Statements & Metrics'!$P$113 -> 0.20644366
B46: Seasonality | C46: 1.01 | D46: 0.99 | E46: 0.98 | F46: 1.02 | G46: 1.01 | H46: 0.99 | I46: 0.98 | J46: 1.02 | K46: 1.01 | L46: 0.99 | M46: 0.98 | N46: 1.02 | O46: 1.01 | P46: 0.99 | Q46: 0.98 | R46: 1.02 | S46: 1.01 | T46: 0.99 | U46: 0.98 | V46: 1.02
B47: Net Working Capital | C47: =DCF!D14*0.025*C46 -> 28801.122 | D47: =DCF!E14*0.025*D46 -> 29077.726 | E47: =DCF!F14*0.025*E46 -> 29647.532 | F47: =DCF!G14*0.025*F46 -> 31783.365 | G47: =DCF!H14*0.025*G46 -> 32101.198 | H47: =DCF!I14*0.025*H46 -> 32094.842 | I47: =DCF!J14*0.025*I46 -> 32406.065 | J47: =DCF!K14*0.025*J46 -> 34403.336 | ... V47: =DCF!W14*0.025*V46 -> 39537.021
B48: Change in NWC | C48: =C47-'Financial Statements & Metrics'!N$70 -> -12090.878 | D48: =D47-C47 -> 276.60483 | E48: =E47-D47 -> 569.80595 | F48: =F47-E47 -> 2135.8324 | G48: =G47-F47 -> 317.83365 | H48: =H47-G47 -> -6.356673 | I48: =I47-H47 -> 311.22271 | J48: =J47-I47 -> 1997.2717 | K48: =K47-J47 -> 258.86824 | ... V48: =V47-U47 -> 1833.2497
B50: Downside
C51: 2025 | G51: 2026 | K51: 2027 | O51: 2028 | S51: 2029
B52: Forecast Period Assumptions | C52: Q1 | D52: Q2 | E52: Q3 | F52: Q4 | G52: Q1 | H52: Q2 | I52: Q3 | J52: Q4 | K52: Q1 | L52: Q2 | M52: Q3 | N52: Q4 | O52: Q1 | P52: Q2 | Q52: Q3 | R52: Q4 | S52: Q1 | T52: Q2 | U52: Q3 | V52: Q4
B53: Sales Growth | C53: 0.02 | D53: 0.02 | E53: 0.02 | F53: 0.02 | G53: 0.01 | H53: 0.01 | I53: 0.01 | J53: 0.01 | K53: 0.0075 | L53: 0.0075 | M53: 0.0075 | N53: 0.0075 | O53: 0.0075 | P53: 0.0075 | Q53: 0.0075 | R53: 0.0075 | S53: 0.0075 | T53: 0.0075 | U53: 0.0075 | V53: 0.0075
B54: New Stores | C54: 3 | D54: 4 | E54: 7 | F54: 11 | G54: 3 | H54: 4 | I54: 7 | J54: 11 | K54: 3 | L54: 4 | M54: 7 | N54: 11 | O54: 3 | P54: 4 | Q54: 7 | R54: 11 | S54: 3 | T54: 4 | U54: 7 | V54: 11
B55: Total Stores | C55: ='Financial Statements & Metrics'!N4+'Assumptions & Drivers'!C54 -> 254 | D55: =C55+D54 -> 258 | E55: =D55+E54 -> 265 | F55: =E55+F54 -> 276 | G55: =F55+G54 -> 279 | H55: =G55+H54 -> 283 | I55: =H55+I54 -> 290 | J55: =I55+J54 -> 301 | K55: =J55+K54 -> 304 | ... V55: =U55+V54 -> 376
B57: COGS % Rev | C57: ='Financial Statements & Metrics'!$N$104 -> 0.56536568 | D57: ='Financial Statements & Metrics'!$N$104 -> 0.56536568 | E57: ='Financial Statements & Metrics'!$N$104 -> 0.56536568 | F57: ='Financial Statements & Metrics'!$N$104 -> 0.56536568 | G57: ='Financial Statements & Metrics'!$N$104 -> 0.56536568 | H57: ='Financial Statements & Metrics'!$N$104 -> 0.56536568 | I57: ='Financial Statements & Metrics'!$N$104 -> 0.56536568 | J57: ='Financial Statements & Metrics'!$N$104 -> 0.56536568 | ... V57: ='Financial Statements & Metrics'!$N$104 -> 0.56536568
B58: SG&A % Rev | C58: ='Financial Statements & Metrics'!N$106 -> 0.38115848 | D58: =C58 -> 0.38115848 | E58: =D58 -> 0.38115848 | F58: =E58 -> 0.38115848 | G58: =F58 -> 0.38115848 | H58: =G58 -> 0.38115848 | I58: =H58 -> 0.38115848 | J58: =I58 -> 0.38115848 | K58: =J58 -> 0.38115848 | ... V58: =U58 -> 0.38115848
B59: D&A % Rev | C59: 0.05 | D59: 0.05 | E59: 0.05 | F59: 0.05 | G59: 0.05 | H59: 0.05 | I59: 0.05 | J59: 0.05 | K59: 0.05 | L59: 0.05 | M59: 0.05 | N59: 0.05 | O59: 0.05 | P59: 0.05 | Q59: 0.05 | R59: 0.05 | S59: 0.05 | T59: 0.05 | U59: 0.05 | V59: 0.05
B60: Tax Rate | C60: 0.22 | D60: 0.22 | E60: 0.22 | F60: 0.22 | G60: ='Financial Statements & Metrics'!$P$113 -> 0.20644366 | H60: ='Financial Statements & Metrics'!$P$113 -> 0.20644366 | I60: ='Financial Statements & Metrics'!$P$113 -> 0.20644366 | J60: ='Financial Statements & Metrics'!$P$113 -> 0.20644366 | K60: ='Financial Statements & Metrics'!$P$113 -> 0.20644366 | L60: ='Financial Statements & Metrics'!$P$113 -> 0.20644366 | M60: ='Financial Statements & Metrics'!$P$113 -> 0.20644366 | N60: ='Financial Statements & Metrics'!$P$113 -> 0.20644366 | ... V60: ='Financial Statements & Metrics'!$P$113 -> 0.20644366
B62: Seasonality | C62: 1.01 | D62: 0.99 | E62: 0.98 | F62: 1.02 | G62: 1.01 | H62: 0.99 | I62: 0.98 | J62: 1.02 | K62: 1.01 | L62: 0.99 | M62: 0.98 | N62: 1.02 | O62: 1.01 | P62: 0.99 | Q62: 0.98 | R62: 1.02 | S62: 1.01 | T62: 0.99 | U62: 0.98 | V62: 1.02
B63: Net Working Capital | C63: =DCF!D14*0.025*C62 -> 28801.122 | D63: =DCF!E14*0.025*D62 -> 29077.726 | E63: =DCF!F14*0.025*E62 -> 29647.532 | F63: =DCF!G14*0.025*F62 -> 31783.365 | G63: =DCF!H14*0.025*G62 -> 32101.198 | H63: =DCF!I14*0.025*H62 -> 32094.842 | I63: =DCF!J14*0.025*I62 -> 32406.065 | J63: =DCF!K14*0.025*J62 -> 34403.336 | ... V63: =DCF!W14*0.025*V62 -> 39537.021
B64: Change in NWC | C64: =C63-'Financial Statements & Metrics'!N$70 -> -12090.878 | D64: =D63-C63 -> 276.60483 | E64: =E63-D63 -> 569.80595 | F64: =F63-E63 -> 2135.8324 | G64: =G63-F63 -> 317.83365 | H64: =H63-G63 -> -6.356673 | I64: =I63-H63 -> 311.22271 | J64: =J63-I63 -> 1997.2717 | K64: =K63-J63 -> 258.86824 | ... V64: =V63-U63 -> 1833.2497

Sheet DCF Summary
B1: Stock price (4/22/2025) | C1: 68.3
B3: Valuation Summary | C3: Upside | F3: Valuation Summary | G3: Base | J3: Valuation Summary | K3: Downside
C4: Probability | D4: 0.2 | G4: Probability | H4: 0.6 | K4: Probability | L4: 0.2
B6: Enterprise value | C6: =DCF!C70 -> 13486260 | F6: Enterprise value | G6: =DCF!C36 -> 5698842.9 | J6: Enterprise value | K6: =DCF!C104 -> 1657022.4
B7: Debt | C7: ='Financial Statements & Metrics'!$N$50 -> 194527 | F7: Debt | G7: ='Financial Statements & Metrics'!$N$50 -> 194527 | J7: Debt | K7: ='Financial Statements & Metrics'!$N$50 -> 194527
B8: Lease Liabilities | C8: ='Financial Statements & Metrics'!$N$52 -> 1351282 | F8: Lease Liabilities | G8: ='Financial Statements & Metrics'!$N$52 -> 1351282 | J8: Lease Liabilities | K8: ='Financial Statements & Metrics'!$N$52 -> 1351282
B9: Cash & Cash Equivalents | C9: ='Financial Statements & Metrics'!$N$28+'Financial Statements & Metrics'!$N$29 -> 209404 | F9: Cash & Cash Equivalents | G9: ='Financial Statements & Metrics'!$N$28+'Financial Statements & Metrics'!$N$29 -> 209404 | J9: Cash & Cash Equivalents | K9: ='Financial Statements & Metrics'!$N$28+'Financial Statements & Metrics'!$N$29 -> 209404
B10: Equity Value | C10: =C6-C7-C8+C9 -> 12149855 | F10: Equity Value | G10: =G6-G7-G8+G9 -> 4362437.9 | J10: Equity Value | K10: =K6-K7-K8+K9 -> 320617.43
B11: Shares outstanding | C11: ='Financial Statements & Metrics'!$N$23 -> 108431 | D11: Implied Return | F11: Shares outstanding | G11: ='Financial Statements & Metrics'!$N$23 -> 108431 | H11: Implied Return | J11: Shares outstanding | K11: ='Financial Statements & Metrics'!$N$23 -> 108431 | L11: Implied Return
B12: Equity value per share | C12: =C10/C11 -> 112.05149 | D12: =(C12/$C$1)-1 -> 0.64057813 | F12: Equity value per share | G12: =G10/G11 -> 40.232386 | H12: =(G12/$C$1)-1 -> -0.41094603 | J12: Equity value per share | K12: =K10/K11 -> 2.9568798 | L12: =(K12/$C$1)-1 -> -0.95670747
B14: Scenario | C14: Probability | D14: Share Price
B15: Upside | C15: =D4 -> 0.2 | D15: =C12 -> 112.05149
B16: Base | C16: =H4 -> 0.6 | D16: =G12 -> 40.232386
B17: Downside | C17: =L4 -> 0.2 | D17: =K12 -> 2.9568798
B19: Blended share price | D19: =SUMPRODUCT(C15:C17,D15:D17) -> 47.141105
B20: Implied Return | D20: =D19/C1-1 -> -0.30979349

Sheet DCF
A1: *as of 4/22/2025
A2: in thousands, except per share data
B4: Base
C5: Historical | D5: Forecast
C6: 2024 Q4 | D6: 2025 Q1 | E6: 2025 Q2 | F6: 2025 Q3 | G6: 2025 Q4 | H6: 2026 Q1 | I6: 2026 Q2 | J6: 2026 Q3 | K6: 2026 Q4 | L6: 2027 Q1 | M6: 2027 Q2 | N6: 2027 Q3 | O6: 2027 Q4 | P6: 2028 Q1 | Q6: 2028 Q2 | R6: 2028 Q3 | S6: 2028 Q4 | T6: 2029 Q1 | U6: 2029 Q2 | V6: 2029 Q3 | W6: 2029 Q4 | X6: CAGR qtrly | Y6: Annualized
B7: Net Sales | C7: ='Financial Statements & Metrics'!$N$10 -> 1107416 | D7: =C7*(1+D$8) -> 1140638.5 | E7: =D7*(1+E$8) -> 1174857.6 | F7: =E7*(1+F$8) -> 1210103.4 | G7: =F7*(1+G$8) -> 1246406.5 | H7: =G7*(1+H$8) -> 1271334.6 | I7: =H7*(1+I$8) -> 1296761.3 | J7: =I7*(1+J$8) -> 1322696.5 | K7: =J7*(1+K$8) -> 1349150.4 | ... W7: =V7*(1+W$8) -> 1550471.4
B8: % Growth | D8: ='Assumptions & Drivers'!C$21 -> 0.03 | E8: ='Assumptions & Drivers'!D$21 -> 0.03 | F8: ='Assumptions & Drivers'!E$21 -> 0.03 | G8: ='Assumptions & Drivers'!F$21 -> 0.03 | H8: ='Assumptions & Drivers'!G$21 -> 0.02 | I8: ='Assumptions & Drivers'!H$21 -> 0.02 | J8: ='Assumptions & Drivers'!I$21 -> 0.02 | K8: ='Assumptions & Drivers'!J$21 -> 0.02 | ... W8: ='Assumptions & Drivers'!V$21 -> 0.0075 | X8: =((W7/D7)^(1/20))-1 -> 0.015466936 | Y8: =((1+X8)^4)-1 -> 0.06331796
B10: Same store sales | C10: =C7/'Financial Statements & Metrics'!$N$4 -> 4412.0159 | D10: =D7/'Assumptions & Drivers'!C$23 -> 4490.7027 | E10: =E7/'Assumptions & Drivers'!D$23 -> 4553.7118 | F10: =F7/'Assumptions & Drivers'!E$23 -> 4566.4278 | G10: =G7/'Assumptions & Drivers'!F$23 -> 4515.9655 | H10: =H7/'Assumptions & Drivers'!G$23 -> 4556.7548 | I10: =I7/'Assumptions & Drivers'!H$23 -> 4582.1954 | J10: =J7/'Assumptions & Drivers'!I$23 -> 4561.0225 | K10: =K7/'Assumptions & Drivers'!J$23 -> 4482.2274 | ... W10: =W7/'Assumptions & Drivers'!V$23 -> 4123.5942
B11: Same store sales growth | D11: =(D10/C10-1) -> 0.017834646 | E11: =(E10/D10-1) -> 0.014031008 | F11: =(F10/E10-1) -> 0.0027924528 | G11: =(G10/F10-1) -> -0.011050725 | H11: =(H10/G10-1) -> 0.0090322581 | I11: =(I10/H10-1) -> 0.0055830389 | J11: =(J10/I10-1) -> -0.0046206897 | K11: =(K10/J10-1) -> -0.017275748 | ... W11: =(W10/V10-1) -> -0.021974734
B13: Unlevered FCF
B14: Revenue | C14: =C7 -> 1107416 | D14: =D7 -> 1140638.5 | E14: =E7 -> 1174857.6 | F14: =F7 -> 1210103.4 | G14: =G7 -> 1246406.5 | H14: =H7 -> 1271334.6 | I14: =I7 -> 1296761.3 | J14: =J7 -> 1322696.5 | ... W14: =W7 -> 1550471.4
B15: % Growth | D15: =D8 -> 0.03 | E15: =E8 -> 0.03 | F15: =F8 -> 0.03 | G15: =G8 -> 0.03 | H15: =H8 -> 0.02 | I15: =I8 -> 0.02 | J15: =J8 -> 0.02 | K15: =K8 -> 0.02 | ... W15: =W8 -> 0.0075
B16: COGS | C16: =C14*'Financial Statements & Metrics'!$N$104 -> 626095 | D16: =D14*'Assumptions & Drivers'!C$25 -> 644877.85 | E16: =E14*'Assumptions & Drivers'!D$25 -> 664224.19 | F16: =F14*'Assumptions & Drivers'!E$25 -> 684150.91 | G16: =G14*'Assumptions & Drivers'!F$25 -> 704675.44 | H16: =H14*'Assumptions & Drivers'!G$25 -> 718768.95 | I16: =I14*'Assumptions & Drivers'!H$25 -> 733144.33 | J16: =J14*'Assumptions & Drivers'!I$25 -> 747807.21 | K16: =K14*'Assumptions & Drivers'!J$25 -> 762763.36 | ... W16: =W14*'Assumptions & Drivers'!V$25 -> 876583.33
B17: Gross Profit | C17: =C14-C16 -> 481321 | D17: =D14-D16 -> 495760.63 | E17: =E14-E16 -> 510633.45 | F17: =F14-F16 -> 525952.45 | G17: =G14-G16 -> 541731.03 | H17: =H14-H16 -> 552565.65 | I17: =I14-I16 -> 563616.96 | J17: =J14-J16 -> 574889.3 | ... W17: =W14-W16 -> 673888.09
B18: SG&A | C18: =C14*'Financial Statements & Metrics'!$N$106 -> 422101 | D18: =D14*'Assumptions & Drivers'!C$26 -> 434764.03 | E18: =E14*'Assumptions & Drivers'!D$26 -> 445594.35 | F18: =F14*'Assumptions & Drivers'!E$26 -> 456683.19 | G18: =G14*'Assumptions & Drivers'!F$26 -> 468036.34 | H18: =H14*'Assumptions & Drivers'!G$26 -> 475002.77 | I18: =I14*'Assumptions & Drivers'!H$26 -> 482060.64 | J18: =J14*'Assumptions & Drivers'!I$26 -> 489210.82 | K18: =K14*'Assumptions & Drivers'!J$26 -> 496454.19 | ... W18: =W14*'Assumptions & Drivers'!V$26 -> 535495.4
B19: EBIT | C19: =C17-C18 -> 59220 | D19: =D17-D18 -> 60996.6 | E19: =E17-E18 -> 65039.102 | F19: =F17-F18 -> 69269.258 | G19: =G17-G18 -> 73694.688 | H19: =H17-H18 -> 77562.88 | I19: =I17-I18 -> 81556.323 | J19: =J17-J18 -> 85678.478 | ... W19: =W17-W18 -> 138392.69
B20: Tax rate | C20: ='Financial Statements & Metrics'!$N$113 -> 0.19863638 | D20: ='Assumptions & Drivers'!C$28 -> 0.215 | E20: ='Assumptions & Drivers'!D$28 -> 0.215 | F20: ='Assumptions & Drivers'!E$28 -> 0.215 | G20: ='Assumptions & Drivers'!F$28 -> 0.215 | H20: ='Assumptions & Drivers'!G$28 -> 0.20644366 | I20: ='Assumptions & Drivers'!H$28 -> 0.20644366 | J20: ='Assumptions & Drivers'!I$28 -> 0.20644366 | K20: ='Assumptions & Drivers'!J$28 -> 0.20644366 | ... W20: ='Assumptions & Drivers'!V$28 -> 0.20644366
B21: NOPAT | C21: =C19*(1-C20) -> 47456.754 | D21: =D19*(1-D20) -> 47882.331 | E21: =E19*(1-E20) -> 51055.695 | F21: =F19*(1-F20) -> 54376.367 | G21: =G19*(1-G20) -> 57850.33 | H21: =H19*(1-H20) -> 61550.515 | I21: =I19*(1-I20) -> 64719.537 | J21: =J19*(1-J20) -> 67990.7 | ... W21: =W19*(1-W20) -> 109822.4
B23: D&A | C23: =C14*'Financial Statements & Metrics'!$N$100 -> 59783 | D23: =D14*'Assumptions & Drivers'!C$27 -> 57031.924 | E23: =E14*'Assumptions & Drivers'!D$27 -> 58742.882 | F23: =F14*'Assumptions & Drivers'!E$27 -> 60505.168 | G23: =G14*'Assumptions & Drivers'!F$27 -> 62320.323 | H23: =H14*'Assumptions & Drivers'!G$27 -> 63566.73 | I23: =I14*'Assumptions & Drivers'!H$27 -> 64838.064 | J23: =J14*'Assumptions & Drivers'!I$27 -> 66134.826 | K23: =K14*'Assumptions & Drivers'!J$27 -> 67457.522 | ... W23: =W14*'Assumptions & Drivers'!V$27 -> 77523.571
B24: Change in NWC | C24: ='Financial Statements & Metrics'!$N$71 -> 27032 | D24: ='Assumptions & Drivers'!C$32 -> -12090.878 | E24: ='Assumptions & Drivers'!D$32 -> 276.60483 | F24: ='Assumptions & Drivers'!E$32 -> 569.80595 | G24: ='Assumptions & Drivers'!F$32 -> 2135.8324 | H24: ='Assumptions & Drivers'!G$32 -> 317.83365 | I24: ='Assumptions & Drivers'!H$32 -> -6.356673 | J24: ='Assumptions & Drivers'!I$32 -> 311.22271 | K24: ='Assumptions & Drivers'!J$32 -> 1997.2717 | ... W24: ='Assumptions & Drivers'!V$32 -> 1833.2497
B25: Capex | C25: 90000 | D25: 90000 | E25: 90000 | F25: 90000 | G25: 90000 | H25: 100000 | I25: 100000 | J25: 100000 | K25: 100000 | L25: 100000 | M25: 100000 | N25: 100000 | O25: 100000 | P25: 100000 | Q25: 100000 | R25: 100000 | S25: 100000 | T25: 100000 | U25: 100000 | V25: 100000 | W25: 100000
B27: Unlevered FCF | C27: =C21+C23-C24-C25 -> -9792.2464 | D27: =D21+D23-D24-D25 -> 27005.133 | E27: =E21+E23-E24-E25 -> 19521.972 | F27: =F21+F23-F24-F25 -> 24311.73 | G27: =G21+G23-G24-G25 -> 28034.821 | H27: =H21+H23-H24-H25 -> 24799.411 | I27: =I21+I23-I24-I25 -> 29563.958 | J27: =J21+J23-J24-J25 -> 33814.302 | ... W27: =W21+W23-W24-W25 -> 85512.717
B28: Present Value | D28: =D27/(1+'Assumptions & Drivers'!$D$3)^1 -> 26351.324 | E28: =E27/(1+'Assumptions & Drivers'!$D$3)^2 -> 18588.14 | F28: =F27/(1+'Assumptions & Drivers'!$D$3)^3 -> 22588.335 | G28: =G27/(1+'Assumptions & Drivers'!$D$3)^4 -> 25416.882 | H28: =H27/(1+'Assumptions & Drivers'!$D$3)^5 -> 21939.26 | I28: =I27/(1+'Assumptions & Drivers'!$D$3)^6 -> 25521.095 | J28: =J27/(1+'Assumptions & Drivers'!$D$3)^7 -> 28483.495 | K28: =K27/(1+'Assumptions & Drivers'!$D$3)^8 -> 30270.26 | L28: =L27/(1+'Assumptions & Drivers'!$D$3)^9 -> 34525.73 | M28: =M27/(1+'Assumptions & Drivers'!$D$3)^10 -> 37560.782 | N28: =N27/(1+'Assumptions & Drivers'!$D$3)^11 -> 39989.361 | O28: =O27/(1+'Assumptions & Drivers'!$D$3)^12 -> 41276.286 | P28: =P27/(1+'Assumptions & Drivers'!$D$3)^13 -> 44501.101 | Q28: =Q27/(1+'Assumptions & Drivers'!$D$3)^14 -> 46396.075 | R28: =R27/(1+'Assumptions & Drivers'!$D$3)^15 -> 47706.818 | S28: =S27/(1+'Assumptions & Drivers'!$D$3)^16 -> 47944.035 | T28: =T27/(1+'Assumptions & Drivers'!$D$3)^17 -> 50424.451 | U28: =U27/(1+'Assumptions & Drivers'!$D$3)^18 -> 51771.149 | V28: =V27/(1+'Assumptions & Drivers'!$D$3)^19 -> 52573.221 | W28: =W27/(1+'Assumptions & Drivers'!$D$3)^20 -> 52378.51
B29: Stage 1 Sum of PVs | C29: =SUM(D28:W28) -> 746206.31
B31: Terminal Value
B32: Long-term growth rate (qtrly) | C32: ='Assumptions & Drivers'!$D$4 -> 0.0074170718
B33: 2029 Q4 FCF * (1 + g) | C33: =W27*(1+C32) -> 86146.971
B34: TV | C34: =C33/('Assumptions & Drivers'!$D$3-'Assumptions & Drivers'!$D$4) -> 4952636.6
B36: Enterprise Value | C36: =C34+C29 -> 5698842.9
B38: Upside
C39: Historical | D39: Forecast
C40: 2024 Q4 | D40: 2025 Q1 | E40: 2025 Q2 | F40: 2025 Q3 | G40: 2025 Q4 | H40: 2026 Q1 | I40: 2026 Q2 | J40: 2026 Q3 | K40: 2026 Q4 | L40: 2027 Q1 | M40: 2027 Q2 | N40: 2027 Q3 | O40: 2027 Q4 | P40: 2028 Q1 | Q40: 2028 Q2 | R40: 2028 Q3 | S40: 2028 Q4 | T40: 2029 Q1 | U40: 2029 Q2 | V40: 2029 Q3 | W40: 2029 Q4 | X40: CAGR qtrly | Y40: Annualized
B41: Net Sales | C41: ='Financial Statements & Metrics'!$N$10 -> 1107416 | D41: =C41*(1+D$42) -> 1146175.6 | E41: =D41*(1+E$42) -> 1186291.7 | F41: =E41*(1+F$42) -> 1227811.9 | G41: =F41*(1+G$42) -> 1270785.3 | H41: =G41*(1+H$42) -> 1302555 | I41: =H41*(1+I$42) -> 1335118.8 | J41: =I41*(1+J$42) -> 1368496.8 | K41: =J41*(1+K$42) -> 1402709.2 | ... W41: =V41*(1+W$42) -> 1886488
B42: % Growth | D42: ='Assumptions & Drivers'!C$37 -> 0.035 | E42: ='Assumptions & Drivers'!D$37 -> 0.035 | F42: ='Assumptions & Drivers'!E$37 -> 0.035 | G42: ='Assumptions & Drivers'!F$37 -> 0.035 | H42: ='Assumptions & Drivers'!G$37 -> 0.025 | I42: ='Assumptions & Drivers'!H$37 -> 0.025 | J42: ='Assumptions & Drivers'!I$37 -> 0.025 | K42: ='Assumptions & Drivers'!J$37 -> 0.025 | ... W42: ='Assumptions & Drivers'!V$37 -> 0.025 | X42: =((W41/D41)^(1/20))-1 -> 0.025227259 | Y42: =((1+X42)^4)-1 -> 0.10479215
B44: Same store sales | C44: =C41/'Financial Statements & Metrics'!$N$4 -> 4412.0159 | D44: =D41/'Assumptions & Drivers'!C$39 -> 4512.5022 | E44: =E41/'Assumptions & Drivers'!D$39 -> 4598.0299 | F44: =F41/'Assumptions & Drivers'!E$39 -> 4633.2525 | G44: =G41/'Assumptions & Drivers'!F$39 -> 4604.2947 | H44: =H41/'Assumptions & Drivers'!G$39 -> 4668.6558 | I44: =I41/'Assumptions & Drivers'!H$39 -> 4717.7344 | J44: =J41/'Assumptions & Drivers'!I$39 -> 4718.9545 | K44: =K41/'Assumptions & Drivers'!J$39 -> 4660.1636 | ... W44: =W41/'Assumptions & Drivers'!V$39 -> 5017.2552
B45: Same store sales growth | D45: =(D44/C44-1) -> 0.022775591 | E45: =(E44/D44-1) -> 0.018953488 | F45: =(F44/E44-1) -> 0.0076603774 | G45: =(G44/F44-1) -> -0.00625 | H45: =(H44/G44-1) -> 0.013978495 | I45: =(I44/H44-1) -> 0.010512367 | J45: =(J44/I44-1) -> 0.00025862069 | K45: =(K44/J44-1) -> -0.012458472 | ... W45: =(W44/V44-1) -> -0.0049867021
B47: Unlevered FCF
B48: Revenue | C48: =C41 -> 1107416 | D48: =D41 -> 1146175.6 | E48: =E41 -> 1186291.7 | F48: =F41 -> 1227811.9 | G48: =G41 -> 1270785.3 | H48: =H41 -> 1302555 | I48: =I41 -> 1335118.8 | J48: =J41 -> 1368496.8 | ... W48: =W41 -> 1886488
B49: % Growth | D49: =D42 -> 0.035 | E49: =E42 -> 0.035 | F49: =F42 -> 0.035 | G49: =G42 -> 0.035 | H49: =H42 -> 0.025 | I49: =I42 -> 0.025 | J49: =J42 -> 0.025 | K49: =K42 -> 0.025 | ... W49: =W42 -> 0.025
B50: COGS | C50: =C48*'Financial Statements & Metrics'!$N$104 -> 626095 | D50: =D48*'Assumptions & Drivers'!C$41 -> 648008.32 | E50: =E48*'Assumptions & Drivers'!D$41 -> 667722.89 | F50: =F48*'Assumptions & Drivers'!E$41 -> 688023.66 | G50: =G48*'Assumptions & Drivers'!F$41 -> 708927.52 | H50: =H48*'Assumptions & Drivers'!G$41 -> 723394.32 | I50: =I48*'Assumptions & Drivers'!H$41 -> 738141.38 | J50: =J48*'Assumptions & Drivers'!I$41 -> 753173.68 | K50: =K48*'Assumptions & Drivers'!J$41 -> 768496.25 | ... W50: =W48*'Assumptions & Drivers'!V$41 -> 976947.37
B51: Gross Profit | C51: =C48-C50 -> 481321 | D51: =D48-D50 -> 498167.23 | E51: =E48-E50 -> 518568.82 | F51: =F48-F50 -> 539788.26 | G51: =G48-G50 -> 561857.81 | H51: =H48-H50 -> 579160.64 | I51: =I48-I50 -> 596977.45 | J51: =J48-J50 -> 615323.13 | ... W51: =W48-W50 -> 909540.59
B52: SG&A | C52: =C48*'Financial Statements & Metrics'!$N$106 -> 422101 | D52: =D48*'Assumptions & Drivers'!C$42 -> 436874.53 | E52: =E48*'Assumptions & Drivers'!D$42 -> 449931.01 | F52: =F48*'Assumptions & Drivers'!E$42 -> 463366.26 | G52: =G48*'Assumptions & Drivers'!F$42 -> 477190.81 | H52: =H48*'Assumptions & Drivers'!G$42 -> 486667.49 | I52: =I48*'Assumptions & Drivers'!H$42 -> 496319.75 | J52: =J48*'Assumptions & Drivers'!I$42 -> 506150.46 | K52: =K48*'Assumptions & Drivers'!J$42 -> 516162.5 | ... W52: =W48*'Assumptions & Drivers'!V$42 -> 651547.41
B53: EBIT | C53: =C51-C52 -> 59220 | D53: =D51-D52 -> 61292.7 | E53: =E51-E52 -> 68637.812 | F53: =F51-F52 -> 76421.998 | G53: =G51-G52 -> 84666.996 | H53: =H51-H52 -> 92493.154 | I53: =I51-I52 -> 100657.7 | J53: =J51-J52 -> 109172.67 | ... W53: =W51-W52 -> 257993.19
B54: Tax rate | C54: ='Financial Statements & Metrics'!$N$113 -> 0.19863638 | D54: ='Assumptions & Drivers'!C$44 -> 0.215 | E54: ='Assumptions & Drivers'!D$44 -> 0.215 | F54: ='Assumptions & Drivers'!E$44 -> 0.215 | G54: ='Assumptions & Drivers'!F$44 -> 0.215 | H54: ='Assumptions & Drivers'!G$44 -> 0.20644366 | I54: ='Assumptions & Drivers'!H$44 -> 0.20644366 | J54: ='Assumptions & Drivers'!I$44 -> 0.20644366 | K54: ='Assumptions & Drivers'!J$44 -> 0.20644366 | ... W54: ='Assumptions & Drivers'!V$44 -> 0.20644366
B55: NOPAT | C55: =C53*(1-C54) -> 47456.754 | D55: =D53*(1-D54) -> 48114.769 | E55: =E53*(1-E54) -> 53880.682 | F55: =F53*(1-F54) -> 59991.268 | G55: =G53*(1-G54) -> 66463.592 | H55: =H53*(1-H54) -> 73398.529 | I55: =I53*(1-I54) -> 79877.559 | J55: =J53*(1-J54) -> 86634.667 | ... W55: =W53*(1-W54) -> 204732.13
B57: D&A | C57: =C48*'Financial Statements & Metrics'!$N$100 -> 59783 | D57: =D48*'Assumptions & Drivers'!C$43 -> 57308.778 | E57: =E48*'Assumptions & Drivers'!D$43 -> 59314.585 | F57: =F48*'Assumptions & Drivers'!E$43 -> 61390.596 | G57: =G48*'Assumptions & Drivers'!F$43 -> 63539.267 | H57: =H48*'Assumptions & Drivers'!G$43 -> 65127.748 | I57: =I48*'Assumptions & Drivers'!H$43 -> 66755.942 | J57: =J48*'Assumptions & Drivers'!I$43 -> 68424.84 | K57: =K48*'Assumptions & Drivers'!J$43 -> 70135.461 | ... W57: =W48*'Assumptions & Drivers'!V$43 -> 94324.398
B58: Change in NWC | C58: ='Financial Statements & Metrics'!$N$71 -> 27032 | D58: ='Assumptions & Drivers'!C$48 -> -12090.878 | E58: ='Assumptions & Drivers'!D$48 -> 276.60483 | F58: ='Assumptions & Drivers'!E$48 -> 569.80595 | G58: ='Assumptions & Drivers'!F$48 -> 2135.8324 | H58: ='Assumptions & Drivers'!G$48 -> 317.83365 | I58: ='Assumptions & Drivers'!H$48 -> -6.356673 | J58: ='Assumptions & Drivers'!I$48 -> 311.22271 | K58: ='Assumptions & Drivers'!J$48 -> 1997.2717 | ... W58: ='Assumptions & Drivers'!V$48 -> 1833.2497
B59: Capex | C59: 90000 | D59: 90000 | E59: 90000 | F59: 90000 | G59: 90000 | H59: 90000 | I59: 90000 | J59: 90000 | K59: 90000 | L59: 90000 | M59: 90000 | N59: 90000 | O59: 90000 | P59: 90000 | Q59: 90000 | R59: 90000 | S59: 90000 | T59: 90000 | U59: 90000 | V59: 90000 | W59: 90000
B61: Unlevered FCF | C61: =C55+C57-C58-C59 -> -9792.2464 | D61: =D55+D57-D58-D59 -> 27514.426 | E61: =E55+E57-E58-E59 -> 22918.663 | F61: =F55+F57-F58-F59 -> 30812.058 | G61: =G55+G57-G58-G59 -> 37867.026 | H61: =H55+H57-H58-H59 -> 48208.444 | I61: =I55+I57-I58-I59 -> 56639.858 | J61: =J55+J57-J58-J59 -> 64748.284 | ... W61: =W55+W57-W58-W59 -> 207223.28
B62: Present Value | D62: =D61/(1+'Assumptions & Drivers'!$D$3)^1 -> 26848.287 | E62: =E61/(1+'Assumptions & Drivers'!$D$3)^2 -> 21822.35 | F62: =F61/(1+'Assumptions & Drivers'!$D$3)^3 -> 28627.873 | G62: =G61/(1+'Assumptions & Drivers'!$D$3)^4 -> 34330.939 | H62: =H61/(1+'Assumptions & Drivers'!$D$3)^5 -> 42648.496 | I62: =I61/(1+'Assumptions & Drivers'!$D$3)^6 -> 48894.373 | J62: =J61/(1+'Assumptions & Drivers'!$D$3)^7 -> 54540.752 | K62: =K61/(1+'Assumptions & Drivers'!$D$3)^8 -> 59031.205 | L62: =L61/(1+'Assumptions & Drivers'!$D$3)^9 -> 66292.26 | M62: =M61/(1+'Assumptions & Drivers'!$D$3)^10 -> 72356.868 | N62: =N61/(1+'Assumptions & Drivers'!$D$3)^11 -> 77838.649 | O62: =O61/(1+'Assumptions & Drivers'!$D$3)^12 -> 82202.099 | P62: =P61/(1+'Assumptions & Drivers'!$D$3)^13 -> 89396.89 | Q62: =Q61/(1+'Assumptions & Drivers'!$D$3)^14 -> 95289.064 | R62: =R61/(1+'Assumptions & Drivers'!$D$3)^15 -> 100623.48 | S62: =S61/(1+'Assumptions & Drivers'!$D$3)^16 -> 104910.13 | T62: =T61/(1+'Assumptions & Drivers'!$D$3)^17 -> 111753.57 | U62: =U61/(1+'Assumptions & Drivers'!$D$3)^18 -> 117485.89 | V62: =V61/(1+'Assumptions & Drivers'!$D$3)^19 -> 122695.36 | W62: =W61/(1+'Assumptions & Drivers'!$D$3)^20 -> 126929.03
B63: Stage 1 Sum of PVs | C63: =SUM(D62:W62) -> 1484517.6
B65: Terminal Value
B66: Long-term growth rate (qtrly) | C66: ='Assumptions & Drivers'!$D$4 -> 0.0074170718
B67: 2029 Q4 FCF * (1 + g) | C67: =W61*(1+C66) -> 208760.27
B68: TV | C68: =C67/('Assumptions & Drivers'!$D$3-'Assumptions & Drivers'!$D$4) -> 12001742
B70: Enterprise Value | C70: =C68+C63 -> 13486260
B72: Downside
C73: Historical | D73: Forecast
C74: 2024 Q4 | D74: 2025 Q1 | E74: 2025 Q2 | F74: 2025 Q3 | G74: 2025 Q4 | H74: 2026 Q1 | I74: 2026 Q2 | J74: 2026 Q3 | K74: 2026 Q4 | L74: 2027 Q1 | M74: 2027 Q2 | N74: 2027 Q3 | O74: 2027 Q4 | P74: 2028 Q1 | Q74: 2028 Q2 | R74: 2028 Q3 | S74: 2028 Q4 | T74: 2029 Q1 | U74: 2029 Q2 | V74: 2029 Q3 | W74: 2029 Q4 | X74: CAGR qtrly | Y74: Annualized
B75: Net Sales | C75: ='Financial Statements & Metrics'!$N$10 -> 1107416 | D75: =C75*(1+D$76) -> 1129564.3 | E75: =D75*(1+E$76) -> 1152155.6 | F75: =E75*(1+F$76) -> 1175198.7 | G75: =F75*(1+G$76) -> 1198702.7 | H75: =G75*(1+H$76) -> 1210689.7 | I75: =H75*(1+I$76) -> 1222796.6 | J75: =I75*(1+J$76) -> 1235024.6 | K75: =J75*(1+K$76) -> 1247374.8 | ... W75: =V75*(1+W$76) -> 1364387.2
B76: % Growth | D76: ='Assumptions & Drivers'!C$53 -> 0.02 | E76: ='Assumptions & Drivers'!D$53 -> 0.02 | F76: ='Assumptions & Drivers'!E$53 -> 0.02 | G76: ='Assumptions & Drivers'!F$53 -> 0.02 | H76: ='Assumptions & Drivers'!G$53 -> 0.01 | I76: ='Assumptions & Drivers'!H$53 -> 0.01 | J76: ='Assumptions & Drivers'!I$53 -> 0.01 | K76: ='Assumptions & Drivers'!J$53 -> 0.01 | ... W76: ='Assumptions & Drivers'!V$53 -> 0.0075 | X76: =((W75/D75)^(1/20))-1 -> 0.0094884013 | Y76: =((1+X76)^4)-1 -> 0.038497209
B78: Same store sales | C78: =C75/'Financial Statements & Metrics'!$N$4 -> 4412.0159 | D78: =D75/'Assumptions & Drivers'!C$55 -> 4447.1036 | E78: =E75/'Assumptions & Drivers'!D$55 -> 4465.7194 | F78: =F75/'Assumptions & Drivers'!E$55 -> 4434.7121 | G78: =G75/'Assumptions & Drivers'!F$55 -> 4343.1257 | H78: =H75/'Assumptions & Drivers'!G$55 -> 4339.3897 | I78: =I75/'Assumptions & Drivers'!H$55 -> 4320.8361 | J78: =J75/'Assumptions & Drivers'!I$55 -> 4258.7055 | K78: =K75/'Assumptions & Drivers'!J$55 -> 4144.1024 | ... W78: =W75/'Assumptions & Drivers'!V$55 -> 3628.6893
B79: Same store sales growth | D79: =(D78/C78-1) -> 0.0079527559 | E79: =(E78/D78-1) -> 0.0041860465 | F79: =(F78/E78-1) -> -0.0069433962 | G79: =(G78/F78-1) -> -0.020652174 | H79: =(H78/G78-1) -> -0.00086021505 | I79: =(I78/H78-1) -> -0.0042756184 | J79: =(J78/I78-1) -> -0.01437931 | K79: =(K78/J78-1) -> -0.026910299 | ... W79: =(W78/V78-1) -> -0.021974734
B81: Unlevered FCF
B82: Revenue | C82: =C75 -> 1107416 | D82: =D75 -> 1129564.3 | E82: =E75 -> 1152155.6 | F82: =F75 -> 1175198.7 | G82: =G75 -> 1198702.7 | H82: =H75 -> 1210689.7 | I82: =I75 -> 1222796.6 | J82: =J75 -> 1235024.6 | ... W82: =W75 -> 1364387.2
B83: % Growth | D83: =D76 -> 0.02 | E83: =E76 -> 0.02 | F83: =F76 -> 0.02 | G83: =G76 -> 0.02 | H83: =H76 -> 0.01 | I83: =I76 -> 0.01 | J83: =J76 -> 0.01 | K83: =K76 -> 0.01 | ... W83: =W76 -> 0.0075
B84: COGS | C84: =C82*'Financial Statements & Metrics'!$N$104 -> 626095 | D84: =D82*'Assumptions & Drivers'!C$57 -> 638616.9 | E84: =E82*'Assumptions & Drivers'!D$57 -> 651389.24 | F84: =F82*'Assumptions & Drivers'!E$57 -> 664417.02 | G84: =G82*'Assumptions & Drivers'!F$57 -> 677705.36 | H84: =H82*'Assumptions & Drivers'!G$57 -> 684482.42 | I84: =I82*'Assumptions & Drivers'!H$57 -> 691327.24 | J84: =J82*'Assumptions & Drivers'!I$57 -> 698240.51 | K84: =K82*'Assumptions & Drivers'!J$57 -> 705222.92 | ... W84: =W82*'Assumptions & Drivers'!V$57 -> 771377.69
B85: Gross Profit | C85: =C82-C84 -> 481321 | D85: =D82-D84 -> 490947.42 | E85: =E82-E84 -> 500766.37 | F85: =F82-F84 -> 510781.7 | G85: =G82-G84 -> 520997.33 | H85: =H82-H84 -> 526207.3 | I85: =I82-I84 -> 531469.38 | J85: =J82-J84 -> 536784.07 | ... W85: =W82-W84 -> 593009.5
B86: SG&A | C86: =C82*'Financial Statements & Metrics'!$N$106 -> 422101 | D86: =D82*'Assumptions & Drivers'!C$58 -> 430543.02 | E86: =E82*'Assumptions & Drivers'!D$58 -> 439153.88 | F86: =F82*'Assumptions & Drivers'!E$58 -> 447936.96 | G86: =G82*'Assumptions & Drivers'!F$58 -> 456895.7 | H86: =H82*'Assumptions & Drivers'!G$58 -> 461464.65 | I86: =I82*'Assumptions & Drivers'!H$58 -> 466079.3 | J86: =J82*'Assumptions & Drivers'!I$58 -> 470740.09 | K86: =K82*'Assumptions & Drivers'!J$58 -> 475447.49 | ... W86: =W82*'Assumptions & Drivers'!V$58 -> 520047.75
B87: EBIT | C87: =C85-C86 -> 59220 | D87: =D85-D86 -> 60404.4 | E87: =E85-E86 -> 61612.488 | F87: =F85-F86 -> 62844.738 | G87: =G85-G86 -> 64101.633 | H87: =H85-H86 -> 64742.649 | I87: =I85-I86 -> 65390.075 | J87: =J85-J86 -> 66043.976 | ... W87: =W85-W86 -> 72961.75
B88: Tax rate | C88: ='Financial Statements & Metrics'!$N$113 -> 0.19863638 | D88: ='Assumptions & Drivers'!C$60 -> 0.22 | E88: ='Assumptions & Drivers'!D$60 -> 0.22 | F88: ='Assumptions & Drivers'!E$60 -> 0.22 | G88: ='Assumptions & Drivers'!F$60 -> 0.22 | H88: ='Assumptions & Drivers'!G$60 -> 0.20644366 | I88: ='Assumptions & Drivers'!H$60 -> 0.20644366 | J88: ='Assumptions & Drivers'!I$60 -> 0.20644366 | K88: ='Assumptions & Drivers'!J$60 -> 0.20644366 | ... W88: ='Assumptions & Drivers'!V$60 -> 0.20644366
B89: NOPAT | C89: =C87*(1-C88) -> 47456.754 | D89: =D87*(1-D88) -> 47115.432 | E89: =E87*(1-E88) -> 48057.741 | F89: =F87*(1-F88) -> 49018.895 | G89: =G87*(1-G88) -> 49999.273 | H89: =H87*(1-H88) -> 51376.939 | I89: =I87*(1-I88) -> 51890.709 | J89: =J87*(1-J88) -> 52409.616 | ... W89: =W87*(1-W88) -> 57899.259
B91: D&A | C91: =C82*'Financial Statements & Metrics'!$N$100 -> 59783 | D91: =D82*'Assumptions & Drivers'!C$59 -> 56478.216 | E91: =E82*'Assumptions & Drivers'!D$59 -> 57607.78 | F91: =F82*'Assumptions & Drivers'!E$59 -> 58759.936 | G91: =G82*'Assumptions & Drivers'!F$59 -> 59935.135 | H91: =H82*'Assumptions & Drivers'!G$59 -> 60534.486 | I91: =I82*'Assumptions & Drivers'!H$59 -> 61139.831 | J91: =J82*'Assumptions & Drivers'!I$59 -> 61751.229 | K91: =K82*'Assumptions & Drivers'!J$59 -> 62368.741 | ... W91: =W82*'Assumptions & Drivers'!V$59 -> 68219.36
B92: Change in NWC | C92: ='Financial Statements & Metrics'!$N$71 -> 27032 | D92: ='Assumptions & Drivers'!C$64 -> -12090.878 | E92: ='Assumptions & Drivers'!D$64 -> 276.60483 | F92: ='Assumptions & Drivers'!E$64 -> 569.80595 | G92: ='Assumptions & Drivers'!F$64 -> 2135.8324 | H92: ='Assumptions & Drivers'!G$64 -> 317.83365 | I92: ='Assumptions & Drivers'!H$64 -> -6.356673 | J92: ='Assumptions & Drivers'!I$64 -> 311.22271 | K92: ='Assumptions & Drivers'!J$64 -> 1997.2717 | ... W92: ='Assumptions & Drivers'!V$64 -> 1833.2497
B93: Capex | C93: 100000 | D93: 100000 | E93: 100000 | F93: 100000 | G93: 100000 | H93: 100000 | I93: 100000 | J93: 100000 | K93: 100000 | L93: 100000 | M93: 100000 | N93: 100000 | O93: 100000 | P93: 100000 | Q93: 100000 | R93: 100000 | S93: 100000 | T93: 100000 | U93: 100000 | V93: 100000 | W93: 100000
B95: Unlevered FCF | C95: =C89+C91-C92-C93 -> -19792.246 | D95: =D89+D91-D92-D93 -> 15684.526 | E95: =E89+E91-E92-E93 -> 5388.9161 | F95: =F89+F91-F92-F93 -> 7209.0254 | G95: =G89+G91-G92-G93 -> 7798.5756 | H95: =H89+H91-H92-H93 -> 11593.592 | I95: =I89+I91-I92-I93 -> 13036.896 | J95: =J89+J91-J92-J93 -> 13849.622 | ... W95: =W89+W91-W92-W93 -> 24285.369
B96: Present Value | D96: =D95/(1+'Assumptions & Drivers'!$D$3)^1 -> 15304.795 | E96: =E95/(1+'Assumptions & Drivers'!$D$3)^2 -> 5131.1377 | F96: =F95/(1+'Assumptions & Drivers'!$D$3)^3 -> 6697.9966 | G96: =G95/(1+'Assumptions & Drivers'!$D$3)^4 -> 7070.3314 | H96: =H95/(1+'Assumptions & Drivers'!$D$3)^5 -> 10256.486 | I96: =I95/(1+'Assumptions & Drivers'!$D$3)^6 -> 11254.104 | J96: =J95/(1+'Assumptions & Drivers'!$D$3)^7 -> 11666.237 | K96: =K95/(1+'Assumptions & Drivers'!$D$3)^8 -> 10936.284 | L96: =L95/(1+'Assumptions & Drivers'!$D$3)^9 -> 12759.402 | M96: =M95/(1+'Assumptions & Drivers'!$D$3)^10 -> 13406.816 | N96: =N95/(1+'Assumptions & Drivers'!$D$3)^11 -> 13491.805 | O96: =O95/(1+'Assumptions & Drivers'!$D$3)^12 -> 12478.53 | P96: =P95/(1+'Assumptions & Drivers'!$D$3)^13 -> 14316.332 | Q96: =Q95/(1+'Assumptions & Drivers'!$D$3)^14 -> 14870.927 | R96: =R95/(1+'Assumptions & Drivers'!$D$3)^15 -> 14886.856 | S96: =S95/(1+'Assumptions & Drivers'!$D$3)^16 -> 13873.783 | T96: =T95/(1+'Assumptions & Drivers'!$D$3)^17 -> 15435.963 | U96: =U95/(1+'Assumptions & Drivers'!$D$3)^18 -> 15905.171 | V96: =V95/(1+'Assumptions & Drivers'!$D$3)^19 -> 15869.381 | W96: =W95/(1+'Assumptions & Drivers'!$D$3)^20 -> 14875.348
B97: Stage 1 Sum of PVs | C97: =SUM(D96:W96) -> 250487.69
B99: Terminal Value
B100: Long-term growth rate (qtrly) | C100: ='Assumptions & Drivers'!$D$4 -> 0.0074170718
B101: 2029 Q4 FCF * (1 + g) | C101: =W95*(1+C100) -> 24465.496
B102: TV | C102: =C101/('Assumptions & Drivers'!$D$3-'Assumptions & Drivers'!$D$4) -> 1406534.7
B104: Enterprise Value | C104: =C102+C97 -> 1657022.4

Sheet WACC
B1: *as of 4/22/2025
B3: WACC Calculation
B5: Cost of Debt
D6: Rate | E6: Amount
B7: 2027 Term Loan | D7: 0.0657 | E7: 194527
B8: Tax rate (2025 guidance) | D8: 0.215
B9: After-tax cost of debt | D9: =D7*(1-D8) -> 0.0515745
B11: Cost of Equity
B12: Risk free rate | D12: 0.0433 | E12: 10-yr US treaury note
B13: Equity Risk Premium | D13: 0.0433 | E13: FactSet
B14: Beta | D14: 1.42 | E14: 3-yr adj. (FactSet)
B15: Cost of Equity | D15: =D12+(D14*D13) -> 0.104786
C17: Weight | D17: Current | E17: Cost of Capital
B18: Equity | C18: =D18/SUM($D$18:$D$19) -> 0.97440557 | D18: ='DCF Summary'!C1*'Financial Statements & Metrics'!N23 -> 7405837.3 | E18: =D15 -> 0.104786
B19: Debt | C19: =D19/SUM($D$18:$D$19) -> 0.025594431 | D19: ='Financial Statements & Metrics'!N50 -> 194527 | E19: =D9 -> 0.0515745
B20: WACC | E20: =SUMPRODUCT(E18:E19,C18:C19) -> 0.10342408

Sheet Financial Statements & Metrics
B1: Floor & Decor (FND) Financial Statements
B2: in thousands, except per share data
C3: 2022 Q1 | D3: 2022 Q2 | E3: 2022 Q3 | F3: 2022 Q4 | G3: 2023 Q1 | H3: 2023 Q2 | I3: 2023 Q3 | J3: 2023 Q4 | K3: 2024 Q1 | L3: 2024 Q2 | M3: 2024 Q3 | N3: 2024 Q4 | P3: Avg.
B4: # of Stores | C4: 166 | D4: 174 | E4: 178 | F4: 191 | G4: 194 | H4: 203 | I4: 207 | J4: 221 | K4: 225 | L4: 230 | M4: 241 | N4: 251
B5: New stores | D5: =D4-C4 -> 8 | E5: =E4-D4 -> 4 | F5: =F4-E4 -> 13 | G5: =G4-F4 -> 3 | H5: =H4-G4 -> 9 | I5: =I4-H4 -> 4 | J5: =J4-I4 -> 14 | K5: =K4-J4 -> 4 | ... N5: =N4-M4 -> 10 | P5: =AVERAGE(D5:N5) -> 7.7272727
B6: Avg. Sales/Store (thousands) | C6: =C10/C4 -> 6197.1928 | D6: =D10/D4 -> 6263.4828 | E6: =E10/E4 -> 6167.5506 | F6: =F10/F4 -> 5487.2723 | G6: =G10/G4 -> 5783.7732 | H6: =H10/H4 -> 5595.5616 | I6: =I10/I4 -> 5351.7488 | J6: =J10/J4 -> 4742.629 | ... N6: =N10/N4 -> 4412.0159
B7: % Change | D7: =(D6/C6)-1 -> 0.010696777 | E7: =(E6/D6)-1 -> -0.015316111 | F7: =(F6/E6)-1 -> -0.11029959 | G7: =(G6/F6)-1 -> 0.054034305 | H7: =(H6/G6)-1 -> -0.032541321 | I7: =(I6/H6)-1 -> -0.043572532 | J7: =(J6/I6)-1 -> -0.11381697 | K7: =(K6/J6)-1 -> 0.02829887 | ... N7: =(N6/M6)-1 -> -0.04886742 | P7: =AVERAGE(D7:N7) -> -0.029056168
B9: Income Statement | C9: 2022 Q1 | D9: 2022 Q2 | E9: 2022 Q3 | F9: 2022 Q4 | G9: 2023 Q1 | H9: 2023 Q2 | I9: 2023 Q3 | J9: 2023 Q4 | K9: 2024 Q1 | L9: 2024 Q2 | M9: 2024 Q3 | N9: 2024 Q4
B10: Net Sales | C10: 1028734 | D10: 1089846 | E10: 1097824 | F10: 1048069 | G10: 1122052 | H10: 1135899 | I10: 1107812 | J10: 1048121 | K10: 1097289 | L10: 1133139 | M10: 1117926 | N10: 1107416
B11: Cost of sales | C11: 620676 | D11: 653564 | E11: 650349 | F11: 612168 | G11: 652934 | H11: 656266 | I11: 640357 | J11: 605979 | K11: 627263 | L11: 642105 | M11: 632056 | N11: 626095
B12: Gross Profit | C12: 408058 | D12: 436282 | E12: 447475 | F12: 435901 | G12: 469118 | H12: 479633 | I12: 467455 | J12: 442142 | K12: 470026 | L12: 491034 | M12: 485870 | N12: 481321
B13: Operating expenses | C13: 314086 | D13: 329872 | E13: 345818 | F13: 341180 | G13: 373602 | H13: 384659 | I13: 382683 | J13: 395976 | K13: 410715 | L13: 419706 | M13: 419553 | N13: 422101
B14: Selling and store operating | C14: 249500 | D14: 268202 | E14: 280735 | F14: 280029 | G14: 303671 | H14: 311406 | I14: 308581 | J14: 315567 | K14: 334345 | L14: 341408 | M14: 339135 | N14: 347437
B15: General and administrative | C15: 54645 | D15: 53107 | E15: 54697 | F15: 51399 | G15: 61911 | H15: 63279 | I15: 59870 | J15: 67653 | K15: 66777 | L15: 67671 | M15: 67687 | N15: 64030
B16: Pre-opening | C16: 9941 | D16: 8563 | E16: 10386 | F16: 9752 | G16: 8020 | H16: 9974 | I16: 14232 | J16: 12756 | K16: 9593 | L16: 10627 | M16: 12731 | N16: 10634
B17: Operating Income | C17: 93972 | D17: 106410 | E17: 101657 | F17: 94721 | G17: 95516 | H17: 94974 | I17: 84772 | J17: 46166 | K17: 59311 | L17: 71328 | M17: 66317 | N17: 59220
B18: Interest expense, net | C18: 1162 | D18: 1672 | E18: 3032 | F18: 5272 | G18: 4862 | H18: 2898 | I18: 1246 | J18: 891 | K18: 1955 | L18: 663 | M18: 189 | N18: -34
B19: Income Before Taxes | C19: 92810 | D19: 104738 | E19: 98625 | F19: 89449 | G19: 90654 | H19: 92076 | I19: 83526 | J19: 45275 | K19: 57356 | L19: 70665 | M19: 66128 | N19: 59254
B20: Provision for income taxes | C20: 21859 | D20: 22906 | E20: 22450 | F20: 20212 | G20: 19130 | H20: 20624 | I20: 17603 | J20: 8194 | K20: 7324 | L20: 13999 | M20: 14438 | N20: 11770
B21: Net Income | C21: 70951 | D21: 81832 | E21: 76175 | F21: 69237 | G21: 71524 | H21: 71452 | I21: 65923 | J21: 37081 | K21: 50032 | L21: 56666 | M21: 51690 | N21: 47484
... B24: EPS (Diluted) | C24: 0.66 | D24: 0.76 | E24: 0.71 | F24: 0.64 | G24: 0.66 | H24: 0.66 | I24: 0.61 | J24: 0.34 | K24: 0.46 | L24: 0.52 | M24: 0.48 | N24: 0.44
B26: Balance Sheet | C26: 2022 Q1 | D26: 2022 Q2 | E26: 2022 Q3 | F26: 2022 Q4 | G26: 2023 Q1 | H26: 2023 Q2 | I26: 2023 Q3 | J26: 2023 Q4 | K26: 2024 Q1 | L26: 2024 Q2 | M26: 2024 Q3 | N26: 2024 Q4
B27: Current Assets
B28: Cash & cash equivalents | C28: 31828 | D28: 6177 | E28: 7687 | F28: 9794 | G28: 5034 | H28: 4171 | I28: 61628 | J28: 34382 | K28: 57426 | L28: 138063 | M28: 180771 | N28: 187669
B29: Income taxes receivable | C29: 0 | D29: 14188 | E29: 9867 | F29: 7325 | G29: 0 | H29: 14085 | I29: 16157 | J29: 27870 | K29: 15830 | L29: 4109 | M29: 3317 | N29: 21735
B30: Receivables (net) | C30: 97754 | D30: 97502 | E30: 102580 | F30: 94732 | G30: 87992 | H30: 88201 | I30: 97733 | J30: 99513 | K30: 100951 | L30: 109334 | M30: 104351 | N30: 101486
B31: Inventories (net) | C31: 1149531 | D31: 1344136 | E31: 1320456 | F31: 1292336 | G31: 1181147 | H31: 1172486 | I31: 1105450 | J31: 1106150 | K31: 1032130 | L31: 1037284 | M31: 1046007 | N31: 1132599
B32: Prepaid expenses & other current assets | C32: 43368 | D32: 49265 | E32: 56502 | F32: 53298 | G32: 54300 | H32: 56590 | I32: 55134 | J32: 48725 | K32: 49746 | L32: 53415 | M32: 54419 | N32: 48896
B33: Total Current Assets | C33: 1322481 | D33: 1511268 | E33: 1497092 | F33: 1457485 | G33: 1328473 | H33: 1335533 | I33: 1336102 | J33: 1316640 | K33: 1256083 | L33: 1342205 | M33: 1388865 | N33: 1492385
B34: Fixed assets (net) | C34: 1007942 | D34: 1085779 | E34: 1164119 | F34: 1258056 | G34: 1344987 | H34: 1443504 | I34: 1562616 | J34: 1629917 | K34: 1651373 | L34: 1700787 | M34: 1763980 | N34: 1786587
B35: Right-of-use-assets | C35: 1136515 | D35: 1177686 | E35: 1157347 | F35: 1205636 | G35: 1231509 | H35: 1257684 | I35: 1306475 | J35: 1282625 | K35: 1317694 | L35: 1342345 | M35: 1346653 | N35: 1331238
B36: Intangibles (net) | C36: 151798 | D36: 151620 | E36: 150851 | F36: 152353 | G36: 151590 | H36: 155733 | I36: 154786 | J36: 153869 | K36: 152953 | L36: 152036 | M36: 151119 | N36: 150203
B37: Goodwill | C37: 255473 | D37: 255473 | E37: 255473 | F37: 255473 | G37: 255473 | H37: 258861 | I37: 257940 | J37: 257940 | K37: 257940 | L37: 257940 | M37: 257940 | N37: 257940
B38: Deferred income tax assets (net) | C38: 8999 | D38: 8090 | E38: 8024 | F38: 11265 | G38: 14073 | H38: 15658 | I38: 12446 | J38: 14227 | K38: 15406 | L38: 15239 | M38: 16635 | N38: 17082
B39: Other assets | C39: 10179 | D39: 9461 | E39: 11762 | F39: 10974 | G39: 9088 | H39: 8497 | I39: 7717 | J39: 7332 | K39: 7211 | L39: 7510 | M39: 7037 | N39: 15043
... B41: TOTAL ASSETS | C41: 3893387 | D41: 4199377 | E41: 4244668 | F41: 4351242 | G41: 4335193 | H41: 4475470 | I41: 4638082 | J41: 4662550 | K41: 4658660 | L41: 4818062 | M41: 4932229 | N41: 5050478
B43: Current Liabilities
B44: Current portion of term loan | C44: 1577 | D44: 1577 | E44: 2103 | F44: 2103 | G44: 2103 | H44: 2103 | I44: 2103 | J44: 2103 | K44: 2103 | L44: 2103 | M44: 2103 | N44: 2103
B45: Current portion of lease liabilities | C45: 109670 | D45: 112987 | E45: 107258 | F45: 105693 | G45: 113798 | H45: 118960 | I45: 125348 | J45: 126428 | K45: 129150 | L45: 132770 | M45: 134629 | N45: 138646
B46: Trade accounts payable | C46: 688488 | D46: 770198 | E46: 642136 | F46: 590883 | G46: 572475 | H46: 664679 | I46: 706325 | J46: 679265 | K46: 641180 | L46: 698716 | M46: 737845 | N46: 794855
B47: Accrued expenses & other current liabilities | C47: 271562 | D47: 292297 | E47: 294022 | F47: 298019 | G47: 303735 | H47: 316057 | I47: 327224 | J47: 332940 | K47: 287011 | L47: 302275 | M47: 305971 | N47: 295425
B48: Deferred revenue | C48: 22021 | D48: 20220 | E48: 15907 | F48: 10060 | G48: 14418 | H48: 14384 | I48: 13383 | J48: 11277 | K48: 14195 | L48: 13322 | M48: 12472 | N48: 13163
B49: Total Current Liabilities | C49: 1093318 | D49: 1197279 | E49: 1061426 | F49: 1006758 | G49: 1006529 | H49: 1116183 | I49: 1174383 | J49: 1152013 | K49: 1073639 | L49: 1149186 | M49: 1193020 | N49: 1244192
B50: Term loan | C50: 195660 | D50: 195557 | E50: 195454 | F50: 195351 | G50: 195248 | H50: 195145 | I50: 195042 | J50: 194939 | K50: 194836 | L50: 194733 | M50: 194630 | N50: 194527
B51: Revolving line of credit | D51: 68600 | E51: 176400 | F51: 210200 | G51: 106500 | H51: 35000
B52: Lease liabilities | C52: 1151952 | D52: 1191223 | E52: 1177413 | F52: 1227507 | G52: 1251567 | H52: 1276927 | I52: 1325226 | J52: 1301754 | K52: 1337756 | L52: 1362140 | M52: 1368514 | N52: 1351282
B53: Deferred income tax liabilities (net) | C53: 40821 | D53: 42887 | E53: 42584 | F53: 41520 | G53: 36816 | H53: 32093 | I53: 46917 | J53: 67188 | K53: 60478 | L53: 53974 | M53: 53373 | N53: 67832
B54: Other liabilities | C54: 9219 | D54: 9545 | E54: 8772 | F54: 12730 | G54: 10116 | H54: 10343 | I54: 11038 | J54: 15666 | K54: 11150 | L54: 11435 | M54: 11637 | N54: 22487
B55: Total Long-Term Liabiliites | C55: 1397652 | D55: 1507812 | E55: 1600623 | F55: 1687308 | G55: 1600247 | H55: 1549508 | I55: 1578223 | J55: 1579547 | K55: 1604220 | L55: 1622282 | M55: 1628154 | N55: 1636128
B56: TOTAL LIABILITIES | C56: 2490970 | D56: 2705091 | E56: 2662049 | F56: 2694066 | G56: 2606776 | H56: 2665691 | I56: 2752606 | J56: 2731560 | K56: 2677859 | L56: 2771468 | M56: 2821174 | N56: 2880320
B57: Additional paid-in capital | C57: 457045 | D57: 466260 | E57: 476905 | F57: 482312 | G57: 482878 | H57: 492914 | I57: 503594 | J57: 513060 | K57: 513809 | L57: 523282 | M57: 536238 | N57: 547818
B58: Accumulated other comprehensive (loss) income (net) | C58: 2089 | D58: 2911 | E58: 4424 | F58: 4337 | G58: 3488 | H58: 3362 | I58: 2455 | J58: 1422 | K58: 452 | L58: 106 | M58: -79 | N58: -40
B59: Retained earnings | C59: 943177 | D59: 1025009 | E59: 1101184 | F59: 1170421 | G59: 1241945 | H59: 1313397 | I59: 1379320 | J59: 1416401 | K59: 1466433 | L59: 1523099 | M59: 1574789 | N59: 1622273
B60: TOTAL STOCKHOLDERS' EQUITY | C60: 1402417 | D60: 1494286 | E60: 1582619 | F60: 1657176 | G60: 1728417 | H60: 1809779 | I60: 1885476 | J60: 1930990 | K60: 1980801 | L60: 2046594 | M60: 2111055 | N60: 2170158
B61: TOTAL LIABILITIES & EQUITY | C61: 3893387 | D61: 4199377 | E61: 4244668 | F61: 4351242 | G61: 4335193 | H61: 4475470 | I61: 4638082 | J61: 4662550 | K61: 4658660 | L61: 4818062 | M61: 4932229 | N61: 5050478
B63: Net Working Capital | C63: 2022 Q1 | D63: 2022 Q2 | E63: 2022 Q3 | F63: 2022 Q4 | G63: 2023 Q1 | H63: 2023 Q2 | I63: 2023 Q3 | J63: 2023 Q4 | K63: 2024 Q1 | L63: 2024 Q2 | M63: 2024 Q3 | N63: 2024 Q4
B64: Total Current Assets | C64: =C33 -> 1322481 | D64: =D33 -> 1511268 | E64: =E33 -> 1497092 | F64: =F33 -> 1457485 | G64: =G33 -> 1328473 | H64: =H33 -> 1335533 | I64: =I33 -> 1336102 | J64: =J33 -> 1316640 | ... N64: =N33 -> 1492385
B65: (-) Excess Cash | C65: =C28+C29 -> 31828 | D65: =D28+D29 -> 20365 | E65: =E28+E29 -> 17554 | F65: =F28+F29 -> 17119 | G65: =G28+G29 -> 5034 | H65: =H28+H29 -> 18256 | I65: =I28+I29 -> 77785 | J65: =J28+J29 -> 62252 | ... N65: =N28+N29 -> 209404
B66: Operating Current Assets | C66: =C64-C65 -> 1290653 | D66: =D64-D65 -> 1490903 | E66: =E64-E65 -> 1479538 | F66: =F64-F65 -> 1440366 | G66: =G64-G65 -> 1323439 | H66: =H64-H65 -> 1317277 | I66: =I64-I65 -> 1258317 | J66: =J64-J65 -> 1254388 | ... N66: =N64-N65 -> 1282981
B67: Total Current Liabilities | C67: =C49 -> 1093318 | D67: =D49 -> 1197279 | E67: =E49 -> 1061426 | F67: =F49 -> 1006758 | G67: =G49 -> 1006529 | H67: =H49 -> 1116183 | I67: =I49 -> 1174383 | J67: =J49 -> 1152013 | ... N67: =N49 -> 1244192
B68: (-) Current Portion of Debt | C68: =C44 -> 1577 | D68: =D44 -> 1577 | E68: =E44 -> 2103 | F68: =F44 -> 2103 | G68: =G44 -> 2103 | H68: =H44 -> 2103 | I68: =I44 -> 2103 | J68: =J44 -> 2103 | ... N68: =N44 -> 2103
B69: Operating Current Liabilities | C69: =C67-C68 -> 1091741 | D69: =D67-D68 -> 1195702 | E69: =E67-E68 -> 1059323 | F69: =F67-F68 -> 1004655 | G69: =G67-G68 -> 1004426 | H69: =H67-H68 -> 1114080 | I69: =I67-I68 -> 1172280 | J69: =J67-J68 -> 1149910 | ... N69: =N67-N68 -> 1242089
B70: Net Working Capital | C70: =C66-C69 -> 198912 | D70: =D66-D69 -> 295201 | E70: =E66-E69 -> 420215 | F70: =F66-F69 -> 435711 | G70: =G66-G69 -> 319013 | H70: =H66-H69 -> 203197 | I70: =I66-I69 -> 86037 | J70: =J66-J69 -> 104478 | ... N70: =N66-N69 -> 40892
B71: Change in NWC | D71: =D70-C70 -> 96289 | E71: =E70-D70 -> 125014 | F71: =F70-E70 -> 15496 | G71: =G70-F70 -> -116698 | H71: =H70-G70 -> -115816 | I71: =I70-H70 -> -117160 | J71: =J70-I70 -> 18441 | K71: =K70-J70 -> 6813 | ... N71: =N70-M70 -> 27032 | P71: =AVERAGE(D71:N71) -> -14365.455
B72: Change in NWC % Rev | D72: =D71/D10 -> 0.088351015 | E72: =E71/E10 -> 0.11387436 | F72: =F71/F10 -> 0.014785286 | G72: =G71/G10 -> -0.10400409 | H72: =H71/H10 -> -0.10195977 | I72: =I71/I10 -> -0.10575802 | J72: =J71/J10 -> 0.017594343 | K72: =K71/K10 -> 0.0062089386 | ... N72: =N71/N10 -> 0.024409978 | P72: =AVERAGE(D72:N72) -> -0.012086426
B74: Cash Flow Statement | C74: 2022 Q1 | D74: 2022 Q2 | E74: 2022 Q3 | F74: 2022 Q4 | G74: 2023 Q1 | H74: 2023 Q2 | I74: 2023 Q3 | J74: 2023 Q4 | K74: 2024 Q1 | L74: 2024 Q2 | M74: 2024 Q3 | N74: 2024 Q4
B75: OPERATING ACTIVITIES
B76: Net income | C76: 70951 | D76: 81832 | E76: 76175 | F76: 69237 | G76: 71524 | H76: 71452 | I76: 65923 | J76: 37081 | K76: 50032 | L76: 56666 | M76: 51690 | N76: 47484
B77: (+) Depreciation & amortization | C77: 34613 | D77: 37953 | E77: 40125 | F77: 42332 | G77: 46352 | H77: 49676 | I77: 50919 | J77: 54922 | K77: 56423 | L77: 58384 | M77: 57883 | N77: 59783
B78: (+) Stock-based compensation | C78: 5980 | D78: 4889 | E78: 6360 | F78: 5004 | G78: 6741 | H78: 8306 | I78: 5289 | J78: 6904 | K78: -7530 | L78: 23117 | M78: 10031 | N78: 8077
B79: (+/-) Other items | C79: 630 | D79: 3291 | E79: -559 | F79: 1826 | G79: -5926 | H79: -4945 | I79: 19096 | J79: 19144 | K79: 7873 | L79: -20134 | M79: -2797 | N79: 14624
B80: Change in Working Capital
B81: Receivables (net) | C81: -16291 | D81: 355 | E81: -5078 | F81: 8864 | G81: 6740 | H81: 5855 | I81: -9664 | J81: -1780 | K81: -1438 | L81: -8383 | M81: 4983 | N81: 2865
B82: Inventories (net) | C82: -141363 | D82: -194605 | E82: 23680 | F82: 28850 | G82: 111189 | H82: 17365 | I82: 67036 | J82: -700 | K82: 74020 | L82: -5154 | M82: -8723 | N82: -86592
B83: Accounts payble | C83: 27661 | D83: 83262 | E83: -136684 | F83: -58971 | G83: 47176 | H83: 37709 | I83: 24453 | J83: -12353 | K83: -35079 | L83: 54215 | M83: 41611 | N83: 61591
B84: Accrued expenses & other | C84: -3969 | D84: 30143 | E84: 1622 | F84: 10920 | G84: -68733 | H84: 75312 | I84: -3629 | J84: 4557 | K84: -7905 | L84: 26874 | M84: 2970 | N84: 9538
B85: Income tax | C85: 19842 | D85: -30523 | E85: 4321 | F85: -2505 | G85: 25495 | H85: -32250 | I85: -2157 | J85: -9501 | K85: 13186 | L85: 11204 | M85: 450 | N85: -19183
B86: Deferred revenue | C86: 7529 | D86: -1801 | E86: -4313 | F86: -5847 | G86: 4358 | H86: -34 | I86: -1001 | J86: -2106 | K86: 2918 | L86: -873 | M86: -850 | N86: 691
B87: Other (net) | C87: -8916 | D87: -3610 | E87: -6177 | F87: 5415 | G87: 5364 | H87: -2081 | I87: 6065 | J87: 8446 | K87: -4990 | L87: -1946 | M87: 3040 | N87: 2509
B88: CASH FLOW FROM OPERATIONS | C88: -3333 | D88: 11186 | E88: -528 | F88: 105125 | G88: 250280 | H88: 226365 | I88: 222330 | J88: 104614 | K88: 147510 | L88: 193970 | M88: 160288 | N88: 101387
B89: INVESTING ACTIVITIES
B90: Purchase of fixed assets | C90: -100904 | D90: -113379 | E90: -108542 | F90: -133775 | G90: -139398 | H90: -139777 | I90: -134542 | J90: -133896 | K90: -111688 | L90: -113926 | M90: -123746 | N90: -97466
B91: Acquisitions & other | C91: -490 | D91: 4142 | E91: 0 | F91: -2689 | G91: 0 | H91: -17156 | I91: -197 | J91: 0 | K91: 0 | L91: 0 | M91: 0 | N91: 0
B92: CASH FLOW FROM INVESTING | C92: -101394 | D92: -109237 | E92: -108542 | F92: -136464 | G92: -139398 | H92: -156933 | I92: -134739 | J92: -133896 | K92: -111688 | L92: -113926 | M92: -123746 | N92: -97466
B93: FINANCING ACTIVITIES
B94: (+/-) Change in debt | C94: -1051 | D94: 68074 | E94: 107800 | F94: 33274 | G94: -104226 | H94: -72025 | I94: -35526 | J94: -526 | K94: -526 | L94: -525 | M94: -526 | N94: -526
B95: (+/-) Change in stock | C95: 2540 | D95: 4599 | E95: 4340 | F95: 492 | G95: 4688 | H95: 2728 | I95: 5652 | J95: 3051 | K95: 6574 | L95: 1588 | M95: 3508 | N95: 3904
B96: (+/-) Other items | C96: -4378 | D96: -273 | E96: -1560 | F96: -320 | G96: -16104 | H96: -998 | I96: -260 | J96: -489 | K96: -18826 | L96: -470 | M96: 3184 | N96: -401
B97: CASH FLOW FROM FINANCING | C97: -2889 | D97: 72400 | E97: 110580 | F97: 33446 | G97: -115642 | H97: -70295 | I97: -30134 | J97: 2036 | K97: -12778 | L97: 593 | M97: 6166 | N97: 2977
B98: NET CHANGE IN CASH | C98: -107616 | D98: -25651 | E98: 1510 | F98: 2107 | G98: -4760 | H98: -863 | I98: 57457 | J98: -27246 | K98: 23044 | L98: 80637 | M98: 42708 | N98: 6898
B100: D&A as % Rev | C100: =C77/C10 -> 0.03364621 | D100: =D77/D10 -> 0.034824186 | E100: =E77/E10 -> 0.036549574 | F100: =F77/F10 -> 0.04039047 | G100: =G77/G10 -> 0.041310028 | H100: =H77/H10 -> 0.043732761 | I100: =I77/I10 -> 0.045963575 | J100: =J77/J10 -> 0.052400438 | ... N100: =N77/N10 -> 0.05398423 | P100: =AVERAGE(C100:N100) -> 0.044793591
B102: Income Statement Common Size
B103: Net Sales | C103: =C10/C$10 -> 1 | D103: =D10/D$10 -> 1 | E103: =E10/E$10 -> 1 | F103: =F10/F$10 -> 1 | G103: =G10/G$10 -> 1 | H103: =H10/H$10 -> 1 | I103: =I10/I$10 -> 1 | J103: =J10/J$10 -> 1 | ... N103: =N10/N$10 -> 1 | P103: =AVERAGE(C103:N103) -> 1
B104: Cost of Sales | C104: =C11/C$10 -> 0.60333964 | D104: =D11/D$10 -> 0.59968473 | E104: =E11/E$10 -> 0.59239824 | F104: =F11/F$10 -> 0.58409131 | G104: =G11/G$10 -> 0.58191064 | H104: =H11/H$10 -> 0.57775031 | I104: =I11/I$10 -> 0.57803761 | J104: =J11/J$10 -> 0.57815748 | ... N104: =N11/N$10 -> 0.56536568 | P104: =AVERAGE(C104:N104) -> 0.58036889
B105: Gross Profit | C105: =C12/C$10 -> 0.39666036 | D105: =D12/D$10 -> 0.40031527 | E105: =E12/E$10 -> 0.40760176 | F105: =F12/F$10 -> 0.41590869 | G105: =G12/G$10 -> 0.41808936 | H105: =H12/H$10 -> 0.42224969 | I105: =I12/I$10 -> 0.42196239 | J105: =J12/J$10 -> 0.42184252 | ... N105: =N12/N$10 -> 0.43463432 | P105: =AVERAGE(C105:N105) -> 0.41963111
B106: Operating Expenses | C106: =C13/C$10 -> 0.30531313 | D106: =D13/D$10 -> 0.30267763 | E106: =E13/E$10 -> 0.31500313 | F106: =F13/F$10 -> 0.325532 | G106: =G13/G$10 -> 0.33296318 | H106: =H13/H$10 -> 0.33863838 | I106: =I13/I$10 -> 0.34544038 | J106: =J13/J$10 -> 0.37779608 | ... N106: =N13/N$10 -> 0.38115848 | P106: =AVERAGE(C106:N106) -> 0.34537586
B107: Selling and store operating | C107: =C14/C$10 -> 0.24253111 | D107: =D14/D$10 -> 0.24609165 | E107: =E14/E$10 -> 0.2557195 | F107: =F14/F$10 -> 0.26718565 | G107: =G14/G$10 -> 0.27063897 | H107: =H14/H$10 -> 0.27414937 | I107: =I14/I$10 -> 0.27854997 | J107: =J14/J$10 -> 0.30107879 | ... N107: =N14/N$10 -> 0.31373666 | P107: =AVERAGE(C107:N107) -> 0.27991979
B108: General and administrative | C108: =C15/C$10 -> 0.053118688 | D108: =D15/D$10 -> 0.048728903 | E108: =E15/E$10 -> 0.049823105 | F108: =F15/F$10 -> 0.049041618 | G108: =G15/G$10 -> 0.055176587 | H108: =H15/H$10 -> 0.055708298 | I108: =I15/I$10 -> 0.054043466 | J108: =J15/J$10 -> 0.064546937 | ... N108: =N15/N$10 -> 0.057819284 | P108: =AVERAGE(C108:N108) -> 0.055760843
B109: Pre-opening | C109: =C16/C$10 -> 0.0096633338 | D109: =D16/D$10 -> 0.0078570734 | E109: =E16/E$10 -> 0.0094605328 | F109: =F16/F$10 -> 0.0093047309 | G109: =G16/G$10 -> 0.0071476188 | H109: =H16/H$10 -> 0.0087807103 | I109: =I16/I$10 -> 0.012846945 | J109: =J16/J$10 -> 0.012170351 | ... N109: =N16/N$10 -> 0.0096025342 | P109: =AVERAGE(C109:N109) -> 0.0096952259
B110: Operating income | C110: =C17/C$10 -> 0.091347229 | D110: =D17/D$10 -> 0.097637648 | E110: =E17/E$10 -> 0.092598631 | F110: =F17/F$10 -> 0.090376683 | G110: =G17/G$10 -> 0.08512618 | H110: =H17/H$10 -> 0.083611307 | I110: =I17/I$10 -> 0.076522009 | J110: =J17/J$10 -> 0.044046441 | ... N110: =N17/N$10 -> 0.053475839 | P110: =AVERAGE(C110:N110) -> 0.07425525
...

Sheet Checks
B2: Financial Statement Checks | C2: 2022 Q1 | D2: 2022 Q2 | E2: 2022 Q3 | F2: 2022 Q4 | G2: 2023 Q1 | H2: 2023 Q2 | I2: 2023 Q3 | J2: 2023 Q4 | K2: 2024 Q1 | L2: 2024 Q2 | M2: 2024 Q3 | N2: 2024 Q4
B4: Balance Sheet
B5: A = L + E | C5: ='Financial Statements & Metrics'!C41-'Financial Statements & Metrics'!C61 -> 0 | D5: ='Financial Statements & Metrics'!D41-'Financial Statements & Metrics'!D61 -> 0 | E5: ='Financial Statements & Metrics'!E41-'Financial Statements & Metrics'!E61 -> 0 | F5: ='Financial Statements & Metrics'!F41-'Financial Statements & Metrics'!F61 -> 0 | G5: ='Financial Statements & Metrics'!G41-'Financial Statements & Metrics'!G61 -> 0 | H5: ='Financial Statements & Metrics'!H41-'Financial Statements & Metrics'!H61 -> 0 | I5: ='Financial Statements & Metrics'!I41-'Financial Statements & Metrics'!I61 -> 0 | J5: ='Financial Statements & Metrics'!J41-'Financial Statements & Metrics'!J61 -> 0 | ... N5: ='Financial Statements & Metrics'!N41-'Financial Statements & Metrics'!N61 -> 0
B7: Cash Flow Statement
B8: Net Income CFS = Net Income IS | C8: ='Financial Statements & Metrics'!C76-'Financial Statements & Metrics'!C21 -> 0 | D8: ='Financial Statements & Metrics'!D76-'Financial Statements & Metrics'!D21 -> 0 | E8: ='Financial Statements & Metrics'!E76-'Financial Statements & Metrics'!E21 -> 0 | F8: ='Financial Statements & Metrics'!F76-'Financial Statements & Metrics'!F21 -> 0 | G8: ='Financial Statements & Metrics'!G76-'Financial Statements & Metrics'!G21 -> 0 | H8: ='Financial Statements & Metrics'!H76-'Financial Statements & Metrics'!H21 -> 0 | I8: ='Financial Statements & Metrics'!I76-'Financial Statements & Metrics'!I21 -> 0 | J8: ='Financial Statements & Metrics'!J76-'Financial Statements & Metrics'!J21 -> 0 | ... N8: ='Financial Statements & Metrics'!N76-'Financial Statements & Metrics'!N21 -> 0
B9: Change in Cash CFS = Change in Cash BS | D9: ='Financial Statements & Metrics'!D98-('Financial Statements & Metrics'!D28-'Financial Statements & Metrics'!C28) -> 0 | E9: ='Financial Statements & Metrics'!E98-('Financial Statements & Metrics'!E28-'Financial Statements & Metrics'!D28) -> 0 | F9: ='Financial Statements & Metrics'!F98-('Financial Statements & Metrics'!F28-'Financial Statements & Metrics'!E28) -> 0 | G9: ='Financial Statements & Metrics'!G98-('Financial Statements & Metrics'!G28-'Financial Statements & Metrics'!F28) -> 0 | H9: ='Financial Statements & Metrics'!H98-('Financial Statements & Metrics'!H28-'Financial Statements & Metrics'!G28) -> 0 | I9: ='Financial Statements & Metrics'!I98-('Financial Statements & Metrics'!I28-'Financial Statements & Metrics'!H28) -> 0 | J9: ='Financial Statements & Metrics'!J98-('Financial Statements & Metrics'!J28-'Financial Statements & Metrics'!I28) -> 0 | K9: ='Financial Statements & Metrics'!K98-('Financial Statements & Metrics'!K28-'Financial Statements & Metrics'!J28) -> 0 | ... N9: ='Financial Statements & Metrics'!N98-('Financial Statements & Metrics'!N28-'Financial Statements & Metrics'!M28) -> 0

Sheet Ratios & Estimates >>>

Sheet Ratio Analysis Quarterly
B1: Floor & Decor Holdings, Inc. Class A (FND)
B2: *sourced from FactSet to ensure like for like comparison across metrics and comps
B5: Floor & Decor Holdings, Inc. Class A
B6: FND 339750101 BYQHP96 NYSE Common stock
B7: Source: FactSet Fundamentals
C8: MAR '22 | D8: JUN '22 | E8: SEP '22 | F8: DEC '22 | G8: MAR '23 | H8: JUN '23 | I8: SEP '23 | J8: DEC '23 | K8: MAR '24 | L8: JUN '24 | M8: SEP '24 | N8: DEC '24
C9: LTM | D9: LTM | E9: LTM | F9: LTM | G9: LTM | H9: LTM | I9: LTM | J9: LTM | K9: LTM | L9: LTM | M9: LTM | N9: LTM
B10: Profitability
B11: Gross Margin | C11: 37.19618 | D11: 36.559757 | E11: 36.355069 | F11: 36.878953 | G11: 37.221014 | H11: 37.549968 | I11: 37.673115 | J11: 37.540271 | K11: 37.543303 | L11: 37.628321 | M11: 37.802217 | N11: 38.070008
B12: SG&A to Sales | C12: 26.910208 | D12: 26.779705 | E12: 26.672177 | F12: 26.668969 | G12: 27.238319 | H12: 27.878871 | I12: 28.319315 | J12: 29.218575 | K12: 29.963699 | L12: 30.588659 | M12: 31.232658 | N12: 31.342529
B13: Operating Margin | C13: 10.285972 | D13: 9.780052 | E13: 9.682892 | F13: 10.209984 | G13: 9.982695 | H13: 9.671096 | I13: 9.3538 | J13: 8.321696 | K13: 7.579604 | L13: 7.039662 | M13: 6.569559 | N13: 6.727479
B14: Net Margin | C14: 7.565365 | D14: 7.093062 | E14: 6.750148 | F14: 6.99254 | G14: 6.855951 | H14: 6.548552 | I14: 6.301463 | J14: 5.57287 | K14: 5.114646 | L14: 4.780774 | M14: 4.446039 | N14: 4.620346
B15: Free Cash Flow Margin | C15: -7.220258 | D15: -11.185281 | E15: -12.323049 | F15: -8.070165 | G15: -2.960927 | H15: 1.356769 | I15: 5.813724 | J15: 5.799337 | K15: 4.121919 | L15: 3.975323 | M15: 2.800562 | N15: 3.508462
B16: Free Cash Flow Conversion Ratio | C16: -95.438332 | D16: -157.69326 | E16: -182.55969 | F16: -115.41106 | G16: -43.187691 | H16: 20.718615 | I16: 92.259902 | J16: 104.06374 | K16: 80.590499 | L16: 83.152283 | M16: 62.990039 | N16: 75.935047
B17: Capex To Sales | C17: 12.574265 | D17: 12.53017 | E17: 10.961913 | F17: 10.707067 | G17: 11.361123 | H17: 11.841746 | I17: 12.404006 | J17: 12.406602 | K17: 11.845265 | L17: 11.263368 | M17: 10.991897 | N17: 10.028031
B18: Return on Assets | C18: 8.118417 | D18: 7.332444 | E18: 7.083421 | F18: 7.379295 | G18: 7.261715 | H18: 6.648832 | I18: 6.262385 | J18: 5.457858 | K18: 4.992032 | L18: 4.512859 | M18: 4.084904 | N18: 4.23909
B19: Return on Equity | C19: 22.422041 | D19: 20.741407 | E19: 19.584067 | F19: 20.010569 | G19: 19.085522 | H19: 17.456557 | I19: 16.039699 | J19: 13.710625 | K19: 12.10433 | L19: 10.875608 | M19: 9.781933 | N19: 10.039725
B20: Return on Invested Capital | C20: 11.132105 | D20: 10.266288 | E20: 9.784448 | F20: 10.056853 | G20: 9.906493 | H20: 9.204092 | I20: 8.508772 | J20: 7.323103 | K20: 6.607325 | L20: 6.060473 | M20: 5.521768 | N20: 5.763776
B21: Valuation
B22: Price/Sales | C22: 2.367201 | D22: 1.728012 | E22: 1.851119 | F22: 1.78862 | G22: 2.340841 | H22: 2.486163 | I22: 2.18973 | J22: 2.786224 | K22: 3.196998 | L22: 2.486197 | M22: 2.980171 | N22: 2.459535
B23: Price/Earnings | C23: 31.265681 | D23: 24.400264 | E23: 27.421282 | F23: 25.576452 | G23: 34.067199 | H23: 37.895522 | I23: 34.664549 | J23: 49.938613 | K23: 62.353281 | L23: 51.936266 | M23: 66.985937 | N23: 53.172348
B24: Price/Book Value | C24: 6.113171 | D24: 4.465872 | E24: 4.77073 | F24: 4.547274 | G24: 5.82259 | H24: 5.970377 | I24: 5.058107 | J24: 6.295392 | K24: 7.002622 | L24: 5.272379 | M24: 6.145283 | N24: 4.999899
B25: Enterprise Value/EBIT | C25: 26.421008 | D25: 21.543345 | E25: 22.768288 | F25: 20.951511 | G25: 27.819369 | H25: 29.782501 | I25: 27.202051 | J25: 36.749558 | K25: 46.523121 | L25: 39.521868 | M25: 51.356017 | N25: 40.707037
B26: Enterprise Value/EBITDA | C26: 19.806782 | D26: 15.870614 | E26: 16.667849 | F26: 15.450447 | G26: 20.110306 | H26: 20.98723 | I26: 18.651254 | J26: 23.736763 | K26: 28.444862 | L26: 23.07263 | M26: 28.749897 | N26: 22.94975
B27: Enterprise Value/Sales | C27: 2.717658 | D27: 2.10695 | E27: 2.204629 | F27: 2.139146 | G27: 2.777123 | H27: 2.880294 | I27: 2.544425 | J27: 3.058186 | K27: 3.526268 | L27: 2.782206 | M27: 3.373864 | N27: 2.738557
B28: Per Share
B29: Sales per Share | C29: 34.217633 | D29: 36.43493 | E29: 38.436205 | F29: 39.689823 | G29: 40.455551 | H29: 40.85009 | I29: 40.868058 | J29: 40.876109 | K29: 40.54428 | L29: 40.511674 | M29: 40.598336 | N29: 41.093138
B30: EBIT (Operating Income) per Share | C30: 3.519616 | D30: 3.563355 | E30: 3.721736 | F30: 4.052324 | G30: 4.038554 | H30: 3.950652 | I30: 3.822716 | J30: 3.401585 | K30: 3.073096 | L30: 2.851885 | M30: 2.667131 | N30: 2.764532
B31: EPS (diluted) | C31: 2.5907 | D31: 2.5803 | E31: 2.5947 | F31: 2.7756 | G31: 2.7798 | H31: 2.68 | I31: 2.5816 | J31: 2.2806 | K31: 2.0788 | L31: 1.9393 | M31: 1.8062 | N31: 1.9008
B32: Book Value per Share | C32: 13.25008 | D32: 14.09803 | E32: 14.91386 | F32: 15.61155 | G32: 16.26424 | H32: 17.01065 | I32: 17.69239 | J32: 18.09101 | K32: 18.51021 | L32: 19.10333 | M32: 19.68827 | N32: 20.21441
B33: Cash Flow per Share | C33: 1.832014 | D33: 0.490009 | E33: -0.523169 | F33: 1.046582 | G33: 3.398346 | H33: 5.391605 | I33: 7.445232 | J33: 7.441879 | K33: 6.47378 | L33: 6.173449 | M33: 5.599509 | N33: 5.56257
B34: Free Cash Flow per Share | C34: -2.470601 | D34: -4.075349 | E34: -4.736513 | F34: -3.203034 | G34: -1.197859 | H34: 0.554241 | I34: 2.375956 | J34: 2.370543 | K34: 1.671202 | L34: 1.61047 | M34: 1.136981 | N34: 1.441737
B35: Diluted Shares Outstanding (M) | C35: 107.539 | D35: 107.3 | E35: 107.47 | F35: 107.445 | G35: 107.718 | H35: 107.805 | I35: 108.002 | J35: 107.982 | K35: 108.255 | L35: 108.274 | M35: 108.292 | N35: 108.431
B36: Asset Turnover Analysis
B37: Cash & ST Investments | C37: 42.969429 | D37: 205.7344 | E37: 595.89426 | F37: 487.89806 | G37: 587.77866 | H37: 956.83737 | I37: 134.16107 | J37: 91.946339 | K37: 95.615219 | L37: 44.875783 | M37: 27.578458 | N37: 24.187222
B38: Receivables | C38: 46.650904 | D38: 42.380435 | E38: 42.600968 | F38: 45.602753 | G38: 46.922044 | H38: 41.162037 | I38: 39.002302 | J38: 38.475279 | K38: 42.868161 | L38: 40.665474 | M38: 39.686899 | N38: 35.560246
B39: Inventories | C39: 2.630363 | D39: 2.445997 | E39: 2.441524 | F39: 2.340183 | G39: 2.347623 | H39: 2.18563 | I39: 2.268022 | J39: 2.298867 | K39: 2.477141 | L39: 2.476137 | M39: 2.542008 | N39: 2.465179
B40: Current Assets | C40: 2.835113 | D40: 2.75922 | E40: 2.746173 | F40: 2.886689 | G40: 3.128397 | H40: 3.306182 | I40: 3.304218 | J40: 3.32779 | K40: 3.412043 | L40: 3.376347 | M40: 3.219599 | N40: 3.092942
B41: Fixed Assets | C41: 1.761779 | D41: 1.773837 | E41: 1.801876 | F41: 1.782375 | G41: 1.729218 | H41: 1.668855 | I41: 1.58478 | J41: 1.526864 | K41: 1.49249 | L41: 1.459154 | M41: 1.428873 | N41: 1.430778
B42: Total Assets | C42: 1.073103 | D42: 1.033749 | E42: 1.049373 | F42: 1.05531 | G42: 1.059184 | H42: 1.015313 | I42: 0.993799 | J42: 0.979362 | K42: 0.976027 | L42: 0.94396 | M42: 0.918774 | N42: 0.917483
B43: DuPont Analysis
B44: Asset Turnover (x) | C44: 1.073103 | D44: 1.033749 | E44: 1.049373 | F44: 1.05531 | G44: 1.059184 | H44: 1.015313 | I44: 0.993799 | J44: 0.979362 | K44: 0.976027 | L44: 0.94396 | M44: 0.918774 | N44: 0.917483
B45: x Pretax Margin (%) | C45: 9.031016 | D45: 8.691489 | E45: 8.621774 | F45: 9.042665 | G45: 8.79955 | H45: 8.420008 | I45: 8.05887 | J45: 7.057979 | K45: 6.339151 | L45: 5.855013 | M45: 5.445817 | N45: 5.687075
B46: = Pretax Return on Assets (%) | C46: 9.691212 | D46: 8.984816 | E46: 9.047454 | F46: 9.542811 | G46: 9.320344 | H46: 8.548946 | I46: 8.008894 | J46: 6.912318 | K46: 6.187181 | L46: 5.526898 | M46: 5.003474 | N46: 5.217796
B47: x Tax Rate Complement (1-Tax Rate) (%) | C47: 83.770918 | D47: 81.609283 | E47: 78.291866 | F47: 77.328316 | G47: 77.912514 | H47: 77.773703 | I47: 78.192885 | J47: 78.958434 | K47: 80.683456 | L47: 81.652662 | M47: 81.641356 | N47: 81.242921
B48: = Return on Assets (%) | C48: 8.118417 | D48: 7.332444 | E48: 7.083421 | F48: 7.379295 | G48: 7.261715 | H48: 6.648832 | I48: 6.262385 | J48: 5.457858 | K48: 4.992032 | L48: 4.512859 | M48: 4.084904 | N48: 4.23909
B49: x Equity Multiplier (Assets/Equity) | C49: 2.761873 | D49: 2.828717 | E49: 2.764775 | F49: 2.711718 | G49: 2.628239 | H49: 2.625507 | I49: 2.561276 | J49: 2.512089 | K49: 2.42473 | L49: 2.409915 | M49: 2.394655 | N49: 2.368368
B50: = Return on Equity (%) | C50: 22.422041 | D50: 20.741407 | E50: 19.584067 | F50: 20.010569 | G50: 19.085522 | H50: 17.456557 | I50: 16.039699 | J50: 13.710625 | K50: 12.10433 | L50: 10.875608 | M50: 9.781933 | N50: 10.039725
B51: x Earnings Retention (1-Payout) (%) | C51: 100 | D51: 100 | E51: 100 | F51: 100 | G51: 100 | H51: 100 | I51: 100 | J51: 100 | K51: 100 | L51: 100 | M51: 100 | N51: 100
B52: = Reinvestment Rate (%) | C52: 22.422041 | D52: 20.741407 | E52: 19.584067 | F52: 20.010569 | G52: 19.085522 | H52: 17.456557 | I52: 16.039699 | J52: 13.710625 | K52: 12.10433 | L52: 10.875608 | M52: 9.781933 | N52: 10.039725
B53: Note: EBIT Return on Assets (%) | C53: 11.03791 | D53: 10.110116 | E53: 10.160962 | F53: 10.774694 | G53: 10.573513 | H53: 9.819193 | I53: 9.295792 | J53: 8.149955 | K53: 7.397897 | L53: 6.645159 | M53: 6.035938 | N53: 6.172349
B54: Note: Interest as % Assets | C54: 0.120666 | D54: 0.120899 | E54: 0.164559 | F54: 0.255973 | G54: 0.342268 | H54: 0.358934 | I54: 0.307843 | J54: 0.212266 | K54: 0.180095 | L54: 0.138126 | M54: 0.113498
B55: Operating Efficiency
B56: Receivables Turnover | C56: 46.650904 | D56: 42.380435 | E56: 42.600968 | F56: 45.602753 | G56: 46.922044 | H56: 41.162037 | I56: 39.002302 | J56: 38.475279 | K56: 42.868161 | L56: 40.665474 | M56: 39.686899 | N56: 35.560246
B57: Inventory Turnover | C57: 2.630363 | D57: 2.445997 | E57: 2.441524 | F57: 2.340183 | G57: 2.347623 | H57: 2.18563 | I57: 2.268022 | J57: 2.298867 | K57: 2.477141 | L57: 2.476137 | M57: 2.542008 | N57: 2.465179
B58: Payables Turnover | C58: 5.2317 | D58: 4.8337 | E58: 4.8827 | F58: 4.751 | G58: 4.3893 | H58: 3.5941 | I58: 3.7613 | J58: 4.0479 | K58: 4.2719 | L58: 3.815 | M58: 3.7046 | N58: 3.7798
B59: Asset Turnover | C59: 1.073103 | D59: 1.033749 | E59: 1.049373 | F59: 1.05531 | G59: 1.059184 | H59: 1.015313 | I59: 0.993799 | J59: 0.979362 | K59: 0.976027 | L59: 0.94396 | M59: 0.918774 | N59: 0.917483
B60: Working Capital Turnover | C60: 16.057261 | D60: 12.450971 | E60: 9.481435 | F60: 9.461321 | G60: 13.535866 | H60: 20.076791 | I60: 27.293218 | J60: 26.811422 | K60: 24.05736 | L60: 22.725022 | M60: 22.448748 | N60: 17.952843
B61: Operating Cycle - Days
B62: Days of Inventory on Hand | C62: 138.76409 | D62: 149.22341 | E62: 149.4968 | F62: 155.97072 | G62: 155.47639 | H62: 166.99992 | I62: 160.93319 | J62: 158.77388 | K62: 147.34726 | L62: 147.40701 | M62: 143.5873 | N62: 148.0623
B63: + Days of Sales Outstanding | C63: 7.824071 | D63: 8.612465 | E63: 8.56788 | F63: 8.003903 | G63: 7.77886 | H63: 8.867394 | I63: 9.358422 | J63: 9.486611 | K63: 8.514478 | L63: 8.975673 | M63: 9.19699 | N63: 10.264271
B64: = Operating Cycle | C64: 146.58817 | D64: 157.83588 | E64: 158.06468 | F64: 163.97463 | G64: 163.25525 | H64: 175.86731 | I64: 170.29161 | J64: 168.26049 | K64: 155.86174 | L64: 156.38268 | M64: 152.78429 | N64: 158.32657
B65: - Days of Payables Outstanding | C65: 69.766997 | D65: 75.511513 | E65: 74.753722 | F65: 76.825931 | G65: 83.156768 | H65: 101.55533 | I65: 97.040917 | J65: 90.170212 | K65: 85.442075 | L65: 95.674967 | M65: 98.526157 | N65: 96.565956
B66: = Net Operating Cycle | C66: 76.821169 | D66: 82.324365 | E66: 83.310958 | F66: 87.148696 | G66: 80.098483 | H66: 74.311988 | I66: 73.250694 | J66: 78.090274 | K66: 70.419666 | L66: 60.707715 | M66: 54.258131 | N66: 61.760613
B67: Liquidity
B68: Current Ratio (x) | C68: 1.209603 | D68: 1.262252 | E68: 1.410453 | F68: 1.447701 | G68: 1.319856 | H68: 1.196518 | I68: 1.137706 | J68: 1.142904 | K68: 1.16993 | L68: 1.167961 | M68: 1.164159 | N68: 1.199481
B69: Quick Ratio (x) | C69: 0.158188 | D69: 0.139593 | E69: 0.166414 | F69: 0.16404 | G69: 0.14637 | H69: 0.146076 | I69: 0.196403 | J69: 0.182715 | K69: 0.208592 | L69: 0.265337 | M69: 0.287387 | N69: 0.289172
B70: Cash Ratio | C70: 0.029111 | D70: 0.005159 | E70: 0.007242 | F70: 0.009728 | G70: 0.005001 | H70: 0.003737 | I70: 0.052477 | J70: 0.029845 | K70: 0.053487 | L70: 0.12014 | M70: 0.151524 | N70: 0.150836
B71: Cash & ST Inv/Current Assets | C71: 2.406689 | D71: 0.40873 | E71: 0.513462 | F71: 0.671979 | G71: 0.378931 | H71: 0.31231 | I71: 4.612522 | J71: 2.611344 | K71: 4.571832 | L71: 10.286283 | M71: 13.015736 | N71: 12.575106
B72: CFO/Current Liabilities | C72: 18.019734 | D72: 4.391458 | E72: -5.297119 | F72: 11.169516 | G72: 36.368848 | H72: 52.074077 | I72: 68.469997 | J72: 69.755202 | K72: 65.275106 | L72: 58.164997 | M72: 50.82748 | N72: 48.477647
B73: Coverage
B74: Net Debt/EBITDA | C74: 0.327614 | D74: 0.500097 | E74: 0.670375 | F74: 0.673854 | G74: 0.496549 | H74: 0.37737 | I74: 0.225059 | J74: 0.286034 | K74: 0.256404 | L74: 0.111117 | M74: 0.030938 | N74: 0.016853
B75: Net Debt/(EBITDA-Capex) | C75: 33.823114 | D75: 53.645523 | E75: 17.646177 | F75: 12.935251 | G75: 15.597856 | H75: 19.591087 | I75: 29.02377 | J75: 75.53497 | K75: 66.353532 | L75: 44.548773 | M75: 46.484241 | N75: 17.660167
B76: Total Debt/EBITDA | C76: 0.390653 | D76: 0.511999 | E76: 0.684444 | F76: 0.690442 | G76: 0.504915 | H76: 0.384272 | I76: 0.327407 | J76: 0.346494 | K76: 0.361945 | L76: 0.372141 | M76: 0.381313 | N76: 0.369814
B77: EBIT/Interest Expense (Int. Coverage) | C77: 80.565347 | D77: 75.309829 | E77: 57.26199 | F77: 39.091578 | G77: 29.318304 | H77: 26.512699 | I77: 28.915885 | J77: 37.113267 | K77: 39.651728 | L77: 46.398948 | M77: 51.595034
B78: EBITDA/Interest Expense | C78: 107.46914 | D78: 102.22828 | E78: 78.2199 | F78: 53.009966 | G78: 40.557151 | H78: 37.623568 | I78: 42.172573 | J78: 57.45923 | K78: 64.852563 | L78: 79.478287 | M78: 92.164344
B79: Fixed-charge Coverage Ratio | C79: 80.565347 | D79: 75.309829 | E79: 57.26199 | F79: 39.091578 | G79: 29.318304 | H79: 26.512699 | I79: 28.915885 | J79: 37.113267 | K79: 39.651728 | L79: 46.398948 | M79: 51.595034
B80: CFO/Interest Expense | C80: 41.935504 | D80: 10.356116 | E80: -8.049392 | F80: 10.096068 | G80: 24.670643 | H80: 36.182893 | I80: 56.317411 | J80: 81.195211 | K80: 83.530274 | L80: 100.43937 | M80: 108.32119
B81: LT Debt/EBITDA | C81: 2.66912 | D81: 2.80413 | E81: 2.835585 | F81: 2.765903 | G81: 2.581171 | H81: 2.493563 | I81: 2.524775 | J81: 2.6319 | K81: 2.81668 | L81: 2.94345 | M81: 3.029725 | N81: 2.907295
B82: Net Debt/FFO | C82: 3.346091 | D82: 3.582743 | E82: 3.679149 | F82: 3.60158 | G82: 3.416117 | H82: 3.357517 | I82: 3.154479 | J82: 3.166119 | K82: 3.27463 | L82: 3.209366 | M82: 3.304636 | N82: 3.178265
B83: LT Debt/FFO | C83: 3.15987 | D83: 3.334418 | E83: 3.452567 | F83: 3.397681 | G83: 3.188537 | H83: 3.115845 | I83: 3.023568 | J83: 2.978743 | K83: 3.124136 | L83: 3.215955 | M83: 3.400438 | N83: 3.277755
B84: CFO/Total Debt | C84: 0.135046 | D84: 0.03349 | E84: -0.033898 | F84: 0.064595 | G84: 0.219302 | H84: 0.356999 | I84: 0.488008 | J84: 0.494448 | K84: 0.421204 | L84: 0.395109 | M84: 0.356721 | N84: 0.357625
B85: EBITDA-Capex/Interest Expense | C85: 8.98063 | D85: 5.74158 | E85: 13.39413 | F85: 12.015173 | G85: 7.190524 | H85: 5.160172 | I85: 3.827427 | J85: 2.128019 | K85: 2.885578 | L85: 5.240571 | M85: 5.837799
B86: Leverage
B87: LT Debt/Total Equity | C87: 96.092104 | D87: 97.396348 | E87: 97.892607 | F87: 98.544633 | G87: 89.869227 | H87: 83.273814 | I87: 80.630461 | J87: 77.509102 | K87: 77.372336 | L87: 76.071414 | M87: 74.045631 | N87: 71.230251
B88: LT Debt/Total Capital | C88: 47.098288 | D88: 47.495782 | E88: 47.798486 | F88: 48.058964 | G88: 45.717563 | H88: 43.836815 | I88: 43.028137 | J88: 42.086697 | K88: 42.050504 | L88: 41.646105 | M88: 41.017379 | N88: 40.080965
B89: LT Debt/Total Assets | C89: 34.612845 | D89: 34.657046 | E89: 36.499133 | F89: 37.530848 | G89: 35.830354 | H89: 33.67405 | I89: 32.777946 | J89: 32.10031 | K89: 32.8977 | L89: 32.313262 | M89: 31.692446 | N89: 30.607182
B90: Total Debt/Total Assets (%) | C90: 37.470177 | D90: 37.385165 | E90: 39.075565 | F90: 40.008209 | G90: 38.503845 | H90: 36.379084 | I90: 35.52587 | J90: 34.856977 | K90: 35.715098 | L90: 35.112583 | M90: 34.464661 | N90: 33.394027
B91: Net Debt/Total Equity (%) | C91: 101.75511 | D91: 104.64978 | E91: 104.31702 | F91: 104.45843 | G91: 96.283594 | H91: 89.732724 | I91: 84.121516 | J91: 82.384787 | K91: 81.099464 | L91: 75.915546 | M91: 71.959518 | N91: 69.068197
B92: Total Debt/Equity (%) | C92: 104.02462 | D92: 105.06315 | E92: 104.80273 | F92: 105.04943 | G92: 96.574843 | H92: 89.963194 | I92: 87.390081 | J92: 84.165325 | K92: 83.998595 | L92: 82.661534 | M92: 80.522582 | N92: 77.715908
B93: Net Debt/Total Capital | C93: 49.873937 | D93: 51.032951 | E93: 50.935365 | F93: 50.943046 | G93: 48.980629 | H93: 47.2369 | I93: 44.891125 | J93: 44.734147 | K93: 44.076132 | L93: 41.560773 | M93: 39.861782 | N93: 38.864386
B94: Total Debt/Total Capital | C94: 50.986308 | D94: 51.234535 | E94: 51.172527 | F94: 51.231272 | G94: 49.128791 | H94: 47.358224 | I94: 46.635382 | J94: 45.700962 | K94: 45.651759 | L94: 45.253936 | M94: 44.605268 | N94: 43.730417
B95: All figures in millions of U.S. Dollar except per share items.

Sheet Comps
B1: Floor & Decor Holdings, Inc. Class A (FND)
B2: *sourced from FactSet to ensure like for like comparison across metrics and comps
B5: Comps Tables - Named Competitors
B6: Selected Financials
E7: Market Data ($) | J7: Financial ($) | M7: Valuation (x)
B8: Company | D8: Fiscal | H8: Shares Out | I8: Shares Out | M8: EV/ | N8: EV/
B9: Name | C9: Ticker | D9: Period | E9: Price | F9: Mkt Cap (M) | G9: EV (M) | H9: (M) | I9: Diluted (M) | J9: Sales (M) | K9: EBIT (M) | L9: EBITDA (M) | M9: EBIT | N9: EBITDA
B10: Floor & Decor Holdings A | C10: FND-US | D10: 12/2024 | E10: 67.019997 | F10: 7311.2994 | G10: 7320.2604 | H10: 107.60556 | I10: 108.319 | J10: 4455.77 | K10: 299.761 | L10: 529.361 | M10: 24.420323 | N10: 13.828485
B11: Builders FirstSource | C11: BLDR-US | D11: 12/2024 | E11: 114.08 | F11: 13091.749 | G11: 16642.238 | H11: 113.74281 | I11: 118.98 | J11: 16400.492 | K11: 1595.249 | L11: 2157.178 | M11: 10.432376 | N11: 7.714819
B12: Lowe's Companies | C12: LOW-US | D12: 01/2025 | E12: 212.77 | F12: 119684.99 | G12: 153038.99 | H12: 559.70654 | I12: 568 | J12: 83674 | K12: 10112 | L12: 12084 | M12: 15.134394 | N12: 12.664597
B13: Tile Shop | C13: TTSH-US | D13: 12/2024 | E13: 5.44 | F13: 242.93896 | G13: 221.98197 | H13: 44.657898 | I13: 43.851653 | J13: 347.071 | K13: 4.466 | L13: 22.225 | M13: 49.704873 | N13: 9.98794
B14: Home Depot | C14: HD-US | D14: 01/2025 | E14: 346.89999 | F14: 346537.18 | G14: 398261.18 | H14: 993.92816 | I14: 993 | J14: 159514 | K14: 21526 | L14: 25234 | M14: 18.501402 | N14: 15.782721
B15: Live Ventures | C15: LIVE-US | D15: 12/31/2024 | E15: 10.9 | F15: 34.180244 | G15: 176.3816 | H15: 3.106431 | I15: 3.12482 | J15: 466.755 | K15: 1.633 | L15: 25.645 | M15: 108.01077 | N15: 6.877816
B16: BuildDirect.com | C16: BDCTF-US | D16: 12/2024 | E16: 0.8114 | F16: 44.359208 | G16: 52.656413 | H16: 42.032707 | I16: 41.998807 | J16: 65.46484 | K16: -0.95701 | L16: 1.90476 | M16: - | N16: 27.644644
B17: Average | M17: 37.700691 | N17: 13.500146
B18: Median | M18: 21.460862 | N18: 12.664597
B19: Valuation
G20: P/E (x) | J20: EV/ (x) | M20: Financial ($)
B21: Company | D21: Fiscal | E21: FY1
B22: Name | C22: Ticker | D22: Period | E22: Date | F22: EV (M) | G22: Actual | H22: FY1 | I22: FY2 | J22: Sales | K22: EBIT | L22: EBITDA | M22: Sales (M) | N22: EBIT (M) | O22: EBITDA (M)
B23: Floor & Decor Holdings A | C23: FND-US | D23: 12/2024 | E23: 12/2025 | F23: 7320.2604 | G23: 35.262549 | H23: 34.010929 | I23: 26.333189 | J23: 1.642872 | K23: 24.420323 | L23: 13.828485 | M23: 4455.77 | N23: 299.761 | O23: 529.361
B24: Builders FirstSource | C24: BLDR-US | D24: 12/2024 | E24: 12/2025 | F24: 16642.238 | G24: 12.592306 | H24: 12.217436 | I24: 10.481564 | J24: 1.01474 | K24: 10.432376 | L24: 7.714819 | M24: 16400.492 | N24: 1595.249 | O24: 2157.178
B25: Lowe's Companies | C25: LOW-US | D25: 01/2025 | E25: 01/2026 | F25: 153038.99 | G25: 17.414043 | H25: 17.333473 | I25: 15.813108 | J25: 1.828991 | K25: 15.134394 | L25: 12.664597 | M25: 83674 | N25: 10112 | O25: 12084
B26: Tile Shop | C26: TTSH-US | D26: 12/2024 | E26: 12/2025 | F26: 221.98197 | G26: 102.83554 | H26: - | I26: - | J26: 0.639587 | K26: 49.704873 | L26: 9.98794 | M26: 347.071 | N26: 4.466 | O26: 22.225
B27: Home Depot | C27: HD-US | D27: 01/2025 | E27: 01/2026 | F27: 398261.18 | G27: 23.26564 | H27: 22.971327 | I27: 21.051291 | J27: 2.496716 | K27: 18.501402 | L27: 15.782721 | M27: 159514 | N27: 21526 | O27: 25234
B28: Live Ventures | C28: LIVE-US | D28: 12/31/2024 | E28: 09/2025 | F28: 176.3816 | G28: - | H28: - | I28: - | J28: 0.377889 | K28: 108.01077 | L28: 6.877816 | M28: 466.755 | N28: 1.633 | O28: 25.645
B29: BuildDirect.com | C29: BDCTF-US | D29: 12/2024 | E29: 12/2025 | F29: 52.656413 | G29: - | H29: - | I29: - | J29: 0.804346 | K29: - | L29: 27.644644 | M29: 65.46484 | N29: -0.95701 | O29: 1.90476
B30: Average | G30: 38.274015 | H30: 21.633291 | I30: 18.419788 | J30: 1.257877 | K30: 37.700691 | L30: 13.500146
B31: Median | G31: 23.26564 | H31: 20.1524 | I31: 18.432199 | J31: 1.01474 | K31: 21.460862 | L31: 12.664597
B32: Capitalization
E33: Market Data ($) | I33: Financial ($)
B34: Company | D34: Fiscal | F34: Shares Out | I34: Cash & ST | K34: Preferred | L34: Accumulated
B35: Name | C35: Ticker | D35: Period | E35: Price | F35: (M) | G35: Mkt Cap (M) | H35: EV (M) | I35: Investment (M) | J35: Total Debt (M) | K35: Stock (M) | L35: Min Interest (M)
B36: Floor & Decor Holdings A | C36: FND-US | D36: 12/2024 | E36: 67.019997 | F36: 107.60556 | G36: 7311.2994 | H36: 7320.2604 | I36: 187.669 | J36: 1686.558 | K36: 0 | L36: 0
B37: Builders FirstSource | C37: BLDR-US | D37: 12/2024 | E37: 114.08 | F37: 113.74281 | G37: 13091.749 | H37: 16642.238 | I37: 153.624 | J37: 4332.825 | K37: 0 | L37: 0
B38: Lowe's Companies | C38: LOW-US | D38: 01/2025 | E38: 212.77 | F38: 559.70654 | G38: 119684.99 | H38: 153038.99 | I38: 2133 | J38: 39678 | K38: 0 | L38: 0
B39: Tile Shop | C39: TTSH-US | D39: 12/2024 | E39: 5.44 | F39: 44.657898 | G39: 242.93896 | H39: 221.98197 | I39: 20.957 | J39: 142.58 | K39: 0 | L39: 0
B40: Home Depot | C40: HD-US | D40: 01/2025 | E40: 346.89999 | F40: 993.92816 | G40: 346537.18 | H40: 398261.18 | I40: 1659 | J40: 62290 | K40: 0 | L40: 0
B41: Live Ventures | C41: LIVE-US | D41: 12/31/2024 | E41: 10.9 | F41: 3.106431 | G41: 34.180244 | H41: 176.3816 | I41: 7.407 | J41: 252.046 | K41: 0 | L41: 0
B42: BuildDirect.com | C42: BDCTF-US | D42: 12/2024 | E42: 0.8114 | F42: 42.032707 | G42: 44.359208 | H42: 52.656413 | I42: 2.792906 | J42: 13.939654 | K42: 0 | L42: 0
B43: Margins
E44: Gross Margin (%) | G44: EBITDA Margin (%) | I44: EBIT Margin (%) | K44: Pretax Margin (%) | M44: Net Margin (%)
B45: Company | D45: Fiscal
B46: Name | C46: Ticker | D46: Period | E46: Actual | F46: NTM | G46: Actual | H46: NTM | I46: Actual | J46: NTM | K46: Actual | L46: NTM | M46: Actual | N46: NTM
B47: Floor & Decor Holdings A | C47: FND-US | D47: 12/2024 | E47: 38.122502 | F47: 43.534916 | G47: 11.880348 | H47: 11.428429 | I47: 6.727479 | J47: 6.033307 | K47: 5.687075 | L47: 5.971846 | M47: 4.620346 | N47: 4.671106
B48: Builders FirstSource | C48: BLDR-US | D48: 12/2024 | E48: 31.738164 | F48: 31.268927 | G48: 13.15313 | H48: 12.526642 | I48: 9.726836 | J48: 9.063082 | K48: 8.460264 | L48: 7.705965 | M48: 6.572352 | N48: 5.583154
B49: Lowe's Companies | C49: LOW-US | D49: 01/2025 | E49: 31.249851 | F49: 33.341209 | G49: 14.441762 | H49: 14.632869 | I49: 12.084997 | J49: 12.420441 | K49: 10.938882 | L49: 10.911272 | M49: 8.294094 | N49: 8.225554
B50: Tile Shop | C50: TTSH-US | D50: 12/2024 | E50: 60.539486 | F50: - | G50: 6.403589 | H50: - | I50: 1.286768 | J50: - | K50: 0.934103 | L50: - | M50: 0.668739 | N50: -
B51: Home Depot | C51: HD-US | D51: 01/2025 | E51: 31.516983 | F51: 33.389561 | G51: 15.819301 | H51: 15.543532 | I51: 13.49474 | J51: 13.465582 | K51: 12.165703 | L51: 12.146018 | M51: 9.281944 | N51: 9.213861
B52: Live Ventures | C52: LIVE-US | D52: 12/31/2024 | E52: 30.821095 | F52: - | G52: 5.494317 | H52: - | I52: 0.349862 | J52: - | K52: -6.398217 | L52: - | M52: -5.465608 | N52: -
B53: BuildDirect.com | C53: BDCTF-US | D53: 12/2024 | E53: 34.339387 | F53: - | G53: 2.909592 | H53: - | I53: -1.461872 | J53: - | K53: -3.08252 | L53: - | M53: -1.905649 | N53: -
B54: Average | E54: 36.903924 | F54: 35.383653 | G54: 10.014577 | H54: 13.532868 | I54: 6.02983 | J54: 10.245603 | K54: 4.100756 | L54: 9.183775 | M54: 3.152317 | N54: 6.923419
B55: Median | E55: 31.738164 | F55: 33.365385 | G55: 11.880348 | H55: 13.579756 | I55: 6.727479 | J55: 10.741761 | K55: 5.687075 | L55: 9.308618 | M55: 4.620346 | N55: 6.904354
B56: Performance
F57: 52 Week High | I57: 52 Week Low | M57: Price Change (%)
B58: Company | D58: Fiscal | L58: Beta to
B59: Name | C59: Ticker | D59: Period | E59: Price ($) | F59: Price ($) | G59: Date | H59: % Below | I59: Price ($) | J59: Date | K59: % Above | L59: Loc Indx 1Y | M59: 1 Day | N59: 1 Month | O59: 3 Month | P59: 6 Month | Q59: 1 Year | R59: 3 Year | S59: 5 Year
B60: Floor & Decor Holdings A | C60: FND-US | D60: 12/2024 | E60: 67.019997 | F60: 126.74 | G60: 05/15/2024 | H60: -47.120087 | I60: 66.010002 | J60: 04/04/2025 | K60: 1.530063 | L60: 1.132648 | M60: -4.67928 | N60: -20.384895 | O60: -34.576344 | P60: -36.946095 | Q60: -38.001854 | R60: -20.601833 | S60: 96.597229
B61: Builders FirstSource | C61: BLDR-US | D61: 12/2024 | E61: 114.08 | F61: 203.14 | G61: 09/19/2024 | H61: -43.841682 | I61: 110.8439 | J61: 04/09/2025 | K61: 2.919507 | L61: 0.902427 | M61: -2.445698 | N61: -9.789658 | O61: -31.351543 | P61: -38.281757 | Q61: -35.558945 | R61: 82.849823 | S61: 746.29089
B62: Lowe's Companies | C62: LOW-US | D62: 01/2025 | E62: 212.77 | F62: 287.01001 | G62: 10/15/2024 | H62: -25.866693 | I62: 206.385 | J62: 04/09/2025 | K62: 3.093743 | L62: 0.523294 | M62: -2.844745 | N62: -6.297618 | O62: -19.512009 | P62: -23.143328 | Q62: -7.587737 | R62: 3.77506 | S62: 129.7236
B63: Tile Shop | C63: TTSH-US | D63: 12/2024 | E63: 5.44 | F63: 7.75 | G63: 03/03/2025 | H63: -29.806454 | I63: 5.15 | J63: 04/18/2025 | K63: 5.631065 | L63: 0.923626 | M63: 0 | N63: -16.436255 | O63: -22.507118 | P63: -18.562872 | Q63: -14.195585 | R63: -12.680578 | S63: 390.09009
B64: Home Depot | C64: HD-US | D64: 01/2025 | E64: 346.89999 | F64: 439.37 | G64: 11/26/2024 | H64: -21.046043 | I64: 323.76999 | J64: 05/29/2024 | K64: 7.143962 | L64: 0.622636 | M64: -2.298206 | N64: -1.210308 | O64: -17.094856 | P64: -14.640749 | Q64: 3.441083 | R64: 11.773432 | S64: 72.922585
B65: Live Ventures | C65: LIVE-US | D65: 12/31/2024 | E65: 10.9 | F65: 26.325001 | G65: 04/25/2024 | H65: -58.594494 | I65: 6.25 | J65: 03/25/2025 | K65: 74.399994 | L65: -0.327731 | M65: -1.446664 | N65: 57.742405 | O65: 9.109104 | P65: -1.801807 | Q65: -57.170929 | R65: -72.537163 | S65: 72.958206
B66: BuildDirect.com | C66: BDCTF-US | D66: 12/2024 | E66: 0.8114 | F66: 0.92 | G66: 03/24/2025 | H66: -11.804348 | I66: 0.25 | J66: 10/07/2024 | K66: 224.56 | L66: -0.629412 | M66: 0 | N66: -11.804348 | O66: 139.06894 | P66: 120.96951 | Q66: 80.311119 | R66: - | S66: -
B67: Maximum | H67: -11.804348 | K67: 224.56 | L67: 1.132648 | M67: - | N67: 57.742405 | O67: 139.06894 | P67: 120.96951 | Q67: 80.311119 | R67: 82.849823 | S67: 746.29089
B68: Minimum | H68: -58.594494 | K68: 1.530063 | L68: -0.629412 | M68: -4.67928 | N68: -20.384895 | O68: -34.576344 | P68: -38.281757 | Q68: -57.170929 | R68: -72.537163 | S68: 72.922585

Sheet Sell Side Ests
B1: FND-US
B2: Targets & Ratings
B3: Broker | C3: Analyst | D3: Rating Date | E3: Rating* | F3: Price on Rating Date | G3: Tgt Price Date | H3: Tgt Price* | I3: Price on Tgt Price Date | J3: Tgt Price Implied Return (%)
B4: Mean | D4: 23 Apr '25 | E4: Hold (1.80) | F4: 71.34 | G4: 23 Apr '25 | H4: 103.417 | I4: 71.34 | J4: 44.9631
B5: Evercore ISI | C5: Greg Melich | D5: 22 Apr '25 | E5: Hold | F5: 68.3 | G5: 21 Apr '25 | H5: 75 | I5: 67.02 | J5: 5.13037
B6: Mizuho Securities USA | C6: David Bellinger | D6: 17 Apr '25 | E6: Hold | F6: 70.31 | G6: 17 Apr '25 | H6: 100 | I6: 70.31 | J6: 40.1738
B7: TD Cowen | C7: Max Rakhlenko | D7: 11 Apr '25 | E7: Hold | F7: 75.04 | G7: 11 Apr '25 | H7: 110 | I7: 75.04 | J7: 54.1912
B8: Restricted | C8: Restricted | D8: 04 Apr '25 | E8: Sell | F8: 71.5 | G8: 04 Apr '25 | H8: 66 | I8: 71.5 | J8: -7.48528
B9: Restricted | C9: Restricted | D9: 02 Apr '25 | E9: Overweight | F9: 82.07 | G9: 14 Apr '25 | H9: 125 | I9: 73.04 | J9: 75.2173
B10: Melius Research | C10: Karen Short | D10: 01 Apr '25 | E10: Sell | F10: 79.88 | G10: 01 Apr '25 | H10: 80 | I10: 79.88 | J10: 12.1391
B11: Piper Sandler Companies | C11: Peter J. Keith | D11: 21 Mar '25 | E11: Hold | F11: 84.18 | G11: 21 Mar '25 | H11: 90 | I11: 84.18 | J11: 26.1564
B12: Baptista Research | C12: Ishan Majumdar | D12: 05 Mar '25 | E12: Hold | F12: 88.01 | G12: 05 Mar '25 | H12: 111 | I12: 88.01 | J12: 55.5929
B13: Truist Securities | C13: Keith Hughes | D13: 28 Feb '25 | E13: Buy | F13: 96.63 | G13: 21 Feb '25 | H13: 115 | I13: 94.27 | J13: 61.1999
B14: Equisights | C14: Parth Talsania | D14: 28 Feb '25 | E14: Hold | F14: 96.63 | G14: 28 Feb '25 | H14: 100.34 | I14: 96.63 | J14: 40.6504
B15: Telsey Advisory Group | C15: Joseph Feldman | D15: 24 Feb '25 | E15: Buy | F15: 97.53 | G15: 24 Feb '25 | H15: 115 | I15: 97.53 | J15: 61.1999
B16: Restricted | C16: Restricted | D16: 21 Feb '25 | E16: Hold | F16: 94.27 | G16: 21 Feb '25 | H16: 110 | I16: 94.27 | J16: 54.1912
B17: Restricted | C17: Restricted | D17: 21 Feb '25 | E17: Hold | F17: 94.27 | G17: 21 Feb '25 | H17: 115 | I17: 94.27 | J17: 61.1999
B18: William Blair | C18: Phillip Blee | D18: 21 Feb '25 | E18: Buy | F18: 94.27 | G18: - | H18: - | I18: - | J18: -
B19: Jefferies | C19: Jonathan Matuszewski | D19: 21 Feb '25 | E19: Hold | F19: 94.27 | G19: 21 Feb '25 | H19: 102 | I19: 94.27 | J19: 42.9773
B20: Stifel Nicolaus | C20: W. Andrew Carter | D20: 21 Feb '25 | E20: Buy | F20: 94.27 | G20: 21 Feb '25 | H20: 110 | I20: 94.27 | J20: 54.1912
B21: Wedbush Securities | C21: Seth Basham | D21: 21 Feb '25 | E21: Hold | F21: 94.27 | G21: 21 Feb '25 | H21: 105 | I21: 94.27 | J21: 47.1825
B22: Wells Fargo Securities | C22: Zachary Fadem | D22: 21 Feb '25 | E22: Hold | F22: 94.27 | G22: 21 Feb '25 | H22: 105 | I22: 94.27 | J22: 47.1825
B23: Restricted | C23: Restricted | D23: 21 Feb '25 | E23: Hold | F23: 94.27 | G23: 21 Feb '25 | H23: 91 | I23: 94.27 | J23: 27.5582
B24: Loop Capital Markets | C24: Anthony C. Chukumba | D24: 21 Feb '25 | E24: Hold | F24: 94.27 | G24: 21 Feb '25 | H24: 95 | I24: 94.27 | J24: 33.1651
B25: Guggenheim Securities | C25: Steven Forbes | D25: 21 Feb '25 | E25: Buy | F25: 94.27 | G25: 21 Feb '25 | H25: 115 | I25: 94.27 | J25: 61.1999
B26: Gordon Haskett | C26: Chuck Grom | D26: 21 Feb '25 | E26: Buy | F26: 94.27 | G26: 21 Feb '25 | H26: 120 | I26: 94.27 | J26: 68.2086

Sheet Raw Calcs >>>

Sheet Q4 IS Calcs
B1: Income Statement | C1: 2022 | D1: 20223Q | E1: 2022Q4 | F1: 2023 | G1: 20233Q | H1: 2023Q4 | I1: 2024 | J1: 20243Q | K1: 2024Q4
B2: Net Sales | C2: 4264473 | D2: 3216404 | E2: =C2-D2 -> 1048069 | F2: 4413884 | G2: 3365763 | H2: =F2-G2 -> 1048121 | I2: 4455770 | J2: 3348354 | K2: =I2-J2 -> 1107416
B3: Cost of Sales | C3: 2536757 | D3: 1924589 | E3: =C3-D3 -> 612168 | F3: 2555536 | G3: 1949557 | H3: =F3-G3 -> 605979 | I3: 2527519 | J3: 1901424 | K3: =I3-J3 -> 626095
B4: Gross Profit | C4: 1727716 | D4: 1291815 | E4: =C4-D4 -> 435901 | F4: 1858348 | G4: 1416206 | H4: =F4-G4 -> 442142 | I4: 1928251 | J4: 1446930 | K4: =I4-J4 -> 481321
B5: Selling and store operating | C5: 1078466 | D5: 798437 | E5: =C5-D5 -> 280029 | F5: 1239225 | G5: 923658 | H5: =F5-G5 -> 315567 | I5: 1362325 | J5: 1014888 | K5: =I5-J5 -> 347437
B6: General and administrative | C6: 213848 | D6: 162449 | E6: =C6-D6 -> 51399 | F6: 252713 | G6: 185060 | H6: =F6-G6 -> 67653 | I6: 266165 | J6: 202135 | K6: =I6-J6 -> 64030
B7: Pre-opening | C7: 38642 | D7: 28890 | E7: =C7-D7 -> 9752 | F7: 44982 | G7: 32226 | H7: =F7-G7 -> 12756 | I7: 43585 | J7: 32951 | K7: =I7-J7 -> 10634
B8: Total operating expenses | C8: 1330956 | D8: 989776 | E8: =C8-D8 -> 341180 | F8: 1536920 | G8: 1140944 | H8: =F8-G8 -> 395976 | I8: 1672075 | J8: 1249974 | K8: =I8-J8 -> 422101
B9: Operating income | C9: 396760 | D9: 302039 | E9: =C9-D9 -> 94721 | F9: 321428 | G9: 275262 | H9: =F9-G9 -> 46166 | I9: 256176 | J9: 196956 | K9: =I9-J9 -> 59220
B10: Interest expense, net | C10: 11138 | D10: 5866 | E10: =C10-D10 -> 5272 | F10: 9897 | G10: 9006 | H10: =F10-G10 -> 891 | I10: 2773 | J10: 2807 | K10: =I10-J10 -> -34
B11: Income before taxes | C11: 385622 | D11: 296173 | E11: =C11-D11 -> 89449 | F11: 311531 | G11: 266256 | H11: =F11-G11 -> 45275 | I11: 253403 | J11: 194149 | K11: =I11-J11 -> 59254
B12: Provision for income taxes | C12: 87427 | D12: 67215 | E12: =C12-D12 -> 20212 | F12: 65551 | G12: 57357 | H12: =F12-G12 -> 8194 | I12: 47531 | J12: 35761 | K12: =I12-J12 -> 11770
B13: Net Income | C13: 298195 | D13: 228958 | E13: =C13-D13 -> 69237 | F13: 245980 | G13: 208899 | H13: =F13-G13 -> 37081 | I13: 205872 | J13: 158388 | K13: =I13-J13 -> 47484

Sheet CFS Quarterly and Consolidation
C1: 2022 | J1: 2023 | Q1: 2024
B2: Operating activities | C2: Q1 | D2: Through Q2 | E2: Q2 | F2: Through Q3 | G2: Q3 | H2: Full Year | I2: Q4 | J2: Q1 | K2: Through Q2 | L2: Q2 | M2: Through Q3 | N2: Q3 | O2: Full Year | P2: Q4 | Q2: Q1 | R2: Through Q2 | S2: Q2 | T2: Through Q3 | U2: Q3 | V2: Full Year | W2: Q4
B3: Net income | C3: 70951 | D3: 152783 | E3: =D3-C3 -> 81832 | F3: 228958 | G3: =F3-D3 -> 76175 | H3: 298195 | I3: =H3-F3 -> 69237 | J3: 71524 | K3: 142976 | L3: =K3-J3 -> 71452 | M3: 208899 | N3: =M3-K3 -> 65923 | O3: 245980 | P3: =O3-M3 -> 37081 | Q3: 50032 | R3: 106698 | S3: =R3-Q3 -> 56666 | T3: 158388 | U3: =T3-R3 -> 51690 | V3: 205872 | W3: =V3-T3 -> 47484
B4: Adjustments to reconcile net income to net cash (used in) provided by operating activities:
B5: Depreciation and amortization | C5: 34613 | D5: 72566 | E5: =D5-C5 -> 37953 | F5: 112691 | G5: =F5-D5 -> 40125 | H5: 155023 | I5: =H5-F5 -> 42332 | J5: 46352 | K5: 96028 | L5: =K5-J5 -> 49676 | M5: 146947 | N5: =M5-K5 -> 50919 | O5: 201869 | P5: =O5-M5 -> 54922 | Q5: 56423 | R5: 114807 | S5: =R5-Q5 -> 58384 | T5: 172690 | U5: =T5-R5 -> 57883 | V5: 232473 | W5: =V5-T5 -> 59783
B6: Stock-based compensation expense | C6: 5980 | D6: 10869 | E6: =D6-C6 -> 4889 | F6: 17229 | G6: =F6-D6 -> 6360 | H6: 22233 | I6: =H6-F6 -> 5004 | J6: 6741 | K6: 15047 | L6: =K6-J6 -> 8306 | M6: 20336 | N6: =M6-K6 -> 5289 | O6: 27240 | P6: =O6-M6 -> 6904 | Q6: -7530 | R6: 15587 | S6: =R6-Q6 -> 23117 | T6: 25618 | U6: =T6-R6 -> 10031 | V6: 33695 | W6: =V6-T6 -> 8077
B7: Change in fair value of contingent earn-out liabilities | C7: 364 | D7: 1389 | E7: =D7-C7 -> 1025 | F7: 1530 | G7: =F7-D7 -> 141 | H7: 2529 | I7: =H7-F7 -> 999 | J7: 1434 | K7: 1787 | L7: =K7-J7 -> 353 | M7: 4953 | N7: =M7-K7 -> 3166 | O7: 2609 | P7: =O7-M7 -> -2344 | Q7: 7232 | R7: -13770 | S7: =R7-Q7 -> -21002 | T7: -15813 | U7: =T7-R7 -> -2043 | V7: 2103 | W7: =V7-T7 -> 17916
B8: Deferred income taxes | C8: 237 | D8: 2475 | E8: =D8-C8 -> 2238 | F8: 1747 | G8: =F8-D8 -> -728 | H8: 2525 | I8: =H8-F8 -> 778 | J8: -7211 | K8: -13480 | L8: =K8-J8 -> -6269 | M8: 2329 | N8: =M8-K8 -> 15809 | O8: 23722 | P8: =O8-M8 -> 21393 | Q8: 576 | R8: 1511 | S8: =R8-Q8 -> 935 | T8: 1511 | U8: =T8-R8 -> 0 | V8: -1807 | W8: =V8-T8 -> -3318
B9: Interest cap derivative contracts | C9: 29 | D9: 57 | E9: =D9-C9 -> 28 | F9: 85 | G9: =F9-D9 -> 28 | H9: 114 | I9: =H9-F9 -> 29 | J9: 28 | K9: 57 | L9: =K9-J9 -> 29 | M9: 858 | N9: =M9-K9 -> 801 | O9: 113 | P9: =O9-M9 -> -745 | Q9: 37 | R9: -87 | S9: =R9-Q9 -> -124 | T9: -866 | U9: =T9-R9 -> -779 | V9: -866 | W9: =V9-T9 -> 0
B10: Loss on asset impairments and disposals, net | E10: =D10-C10 -> 0 | G10: =F10-D10 -> 0 | H10: 20 | I10: =H10-F10 -> 20 | J10: -177 | K10: 765 | L10: =K10-J10 -> 942 | M10: 85 | N10: =M10-K10 -> -680 | O10: 925 | P10: =O10-M10 -> 840 | Q10: 28 | R10: 85 | S10: =R10-Q10 -> 57 | T10: 110 | U10: =T10-R10 -> 25 | V10: 136 | W10: =V10-T10 -> 26
B11: Changes in operating assets and liabilities, net of effects of acquisition:
B12: Receivables, net | C12: -16291 | D12: -15936 | E12: =D12-C12 -> 355 | F12: -21014 | G12: =F12-D12 -> -5078 | H12: -12150 | I12: =H12-F12 -> 8864 | J12: 6740 | K12: 12595 | L12: =K12-J12 -> 5855 | M12: 2931 | N12: =M12-K12 -> -9664 | O12: 1151 | P12: =O12-M12 -> -1780 | Q12: -1438 | R12: -9821 | S12: =R12-Q12 -> -8383 | T12: -4838 | U12: =T12-R12 -> 4983 | V12: -1973 | W12: =V12-T12 -> 2865
B13: Inventories, net | C13: -141363 | D13: -335968 | E13: =D13-C13 -> -194605 | F13: -312288 | G13: =F13-D13 -> 23680 | H13: -283438 | I13: =H13-F13 -> 28850 | J13: 111189 | K13: 128554 | L13: =K13-J13 -> 17365 | M13: 195590 | N13: =M13-K13 -> 67036 | O13: 194890 | P13: =O13-M13 -> -700 | Q13: 74020 | R13: 68866 | S13: =R13-Q13 -> -5154 | T13: 60143 | U13: =T13-R13 -> -8723 | V13: -26449 | W13: =V13-T13 -> -86592
B14: Trade accounts payable | C14: 27661 | D14: 110923 | E14: =D14-C14 -> 83262 | F14: -25761 | G14: =F14-D14 -> -136684 | H14: -84732 | I14: =H14-F14 -> -58971 | J14: 47176 | K14: 84885 | L14: =K14-J14 -> 37709 | M14: 109338 | N14: =M14-K14 -> 24453 | O14: 96985 | P14: =O14-M14 -> -12353 | Q14: -35079 | R14: 19136 | S14: =R14-Q14 -> 54215 | T14: 60747 | U14: =T14-R14 -> 41611 | V14: 122338 | W14: =V14-T14 -> 61591
B15: Accrued expenses and other current liabilities | C15: -3969 | D15: 26174 | E15: =D15-C15 -> 30143 | F15: 27796 | G15: =F15-D15 -> 1622 | H15: 38716 | I15: =H15-F15 -> 10920 | J15: -68733 | K15: 6579 | L15: =K15-J15 -> 75312 | M15: 2950 | N15: =M15-K15 -> -3629 | O15: 7507 | P15: =O15-M15 -> 4557 | Q15: -7905 | R15: 18969 | S15: =R15-Q15 -> 26874 | T15: 21939 | U15: =T15-R15 -> 2970 | V15: 31477 | W15: =V15-T15 -> 9538
B16: Income taxes | C16: 19842 | D16: -10681 | E16: =D16-C16 -> -30523 | F16: -6360 | G16: =F16-D16 -> 4321 | H16: -8865 | I16: =H16-F16 -> -2505 | J16: 25495 | K16: -6755 | L16: =K16-J16 -> -32250 | M16: -8912 | N16: =M16-K16 -> -2157 | O16: -18413 | P16: =O16-M16 -> -9501 | Q16: 13186 | R16: 24390 | S16: =R16-Q16 -> 11204 | T16: 24840 | U16: =T16-R16 -> 450 | V16: 5657 | W16: =V16-T16 -> -19183
B17: Deferred revenue | C17: 7529 | D17: 5728 | E17: =D17-C17 -> -1801 | F17: 1415 | G17: =F17-D17 -> -4313 | H17: -4432 | I17: =H17-F17 -> -5847 | J17: 4358 | K17: 4324 | L17: =K17-J17 -> -34 | M17: 3323 | N17: =M17-K17 -> -1001 | O17: 1217 | P17: =O17-M17 -> -2106 | Q17: 2918 | R17: 2045 | S17: =R17-Q17 -> -873 | T17: 1195 | U17: =T17-R17 -> -850 | V17: 1886 | W17: =V17-T17 -> 691
B18: Other, net | C18: -8916 | D18: -12526 | E18: =D18-C18 -> -3610 | F18: -18703 | G18: =F18-D18 -> -6177 | H18: -13288 | I18: =H18-F18 -> 5415 | J18: 5364 | K18: 3283 | L18: =K18-J18 -> -2081 | M18: 9348 | N18: =M18-K18 -> 6065 | O18: 17794 | P18: =O18-M18 -> 8446 | Q18: -4990 | R18: -6936 | S18: =R18-Q18 -> -1946 | T18: -3896 | U18: =T18-R18 -> 3040 | V18: -1387 | W18: =V18-T18 -> 2509
B19: Net cash (used in) provided by operating activities | C19: -3333 | D19: 7853 | E19: =D19-C19 -> 11186 | F19: 7325 | G19: =F19-D19 -> -528 | H19: 112450 | I19: =H19-F19 -> 105125 | J19: 250280 | K19: 476645 | L19: =K19-J19 -> 226365 | M19: 698975 | N19: =M19-K19 -> 222330 | O19: 803589 | P19: =O19-M19 -> 104614 | Q19: 147510 | R19: 341480 | S19: =R19-Q19 -> 193970 | T19: 501768 | U19: =T19-R19 -> 160288 | V19: 603155 | W19: =V19-T19 -> 101387
B20: Investing activities
B21: Purchases of fixed assets | C21: -100904 | D21: -214283 | E21: =D21-C21 -> -113379 | F21: -322825 | G21: =F21-D21 -> -108542 | H21: -456600 | I21: =H21-F21 -> -133775 | J21: -139398 | K21: -279175 | L21: =K21-J21 -> -139777 | M21: -413717 | N21: =M21-K21 -> -134542 | O21: -547613 | P21: =O21-M21 -> -133896 | Q21: -111688 | R21: -225614 | S21: =R21-Q21 -> -113926 | T21: -349360 | U21: =T21-R21 -> -123746 | V21: -446826 | W21: =V21-T21 -> -97466
B22: Acquisition, net of cash acquired | C22: -490 | D22: -1121 | E22: =D22-C22 -> -631 | F22: -1121 | G22: =F22-D22 -> 0 | H22: -3810 | I22: =H22-F22 -> -2689 | J22: 0 | K22: -17156 | L22: =K22-J22 -> -17156 | M22: -17353 | N22: =M22-K22 -> -197 | O22: -17353 | P22: =O22-M22 -> 0 | R22: 0 | S22: =R22-Q22 -> 0 | T22: 0 | U22: =T22-R22 -> 0 | V22: 0 | W22: =V22-T22 -> 0
B23: Proceeds from sales of property | D23: 4773 | E23: =D23-C23 -> 4773 | F23: 4773 | G23: =F23-D23 -> 0 | H23: 4773 | I23: =H23-F23 -> 0 | K23: 0 | L23: =K23-J23 -> 0 | M23: 0 | N23: =M23-K23 -> 0 | O23: 0 | P23: =O23-M23 -> 0 | S23: =R23-Q23 -> 0 | U23: =T23-R23 -> 0 | V23: 0 | W23: =V23-T23 -> 0
B24: Net cash used in investing activities | C24: -101394 | D24: -210631 | E24: =D24-C24 -> -109237 | F24: -319173 | G24: =F24-D24 -> -108542 | H24: -455637 | I24: =H24-F24 -> -136464 | J24: -139398 | K24: -296331 | L24: =K24-J24 -> -156933 | M24: -431070 | N24: =M24-K24 -> -134739 | O24: -564966 | P24: =O24-M24 -> -133896 | Q24: -111688 | R24: -225614 | S24: =R24-Q24 -> -113926 | T24: -349360 | U24: =T24-R24 -> -123746 | V24: -446826 | W24: =V24-T24 -> -97466
B25: Financing activities
B26: Borrowings on revolving line of credit | D26: 336800 | E26: =D26-C26 -> 336800 | F26: 663200 | G26: =F26-D26 -> 326400 | H26: 1047100 | I26: =H26-F26 -> 383900 | J26: 215400 | K26: 384200 | L26: =K26-J26 -> 168800 | M26: 518900 | N26: =M26-K26 -> 134700 | O26: 518900 | P26: =O26-M26 -> 0 | Q26: 258600 | R26: 258600 | S26: =R26-Q26 -> 0 | T26: 258600 | U26: =T26-R26 -> 0 | V26: 258600 | W26: =V26-T26 -> 0
B27: Payments on revolving line of credit | D27: -268200 | E27: =D27-C27 -> -268200 | F27: -486800 | G27: =F27-D27 -> -218600 | H27: -836900 | I27: =H27-F27 -> -350100 | J27: -319100 | K27: -559400 | L27: =K27-J27 -> -240300 | M27: -729100 | N27: =M27-K27 -> -169700 | O27: -729100 | P27: =O27-M27 -> 0 | Q27: -258600 | R27: -258600 | S27: =R27-Q27 -> 0 | T27: -258600 | U27: =T27-R27 -> 0 | V27: -258600 | W27: =V27-T27 -> 0
B28: Proceeds from term loans | C28: 0 | D28: 0 | E28: =D28-C28 -> 0 | F28: 0 | G28: =F28-D28 -> 0 | H28: 0 | I28: =H28-F28 -> 0 | L28: =K28-J28 -> 0 | N28: =M28-K28 -> 0 | O28: 0 | P28: =O28-M28 -> 0 | S28: =R28-Q28 -> 0 | U28: =T28-R28 -> 0 | W28: =V28-T28 -> 0
B29: Payments on term loans | C29: -1051 | D29: -1577 | E29: =D29-C29 -> -526 | F29: -1577 | G29: =F29-D29 -> 0 | H29: -2103 | I29: =H29-F29 -> -526 | J29: -526 | K29: -1051 | L29: =K29-J29 -> -525 | M29: -1577 | N29: =M29-K29 -> -526 | O29: -2103 | P29: =O29-M29 -> -526 | Q29: -526 | R29: -1051 | S29: =R29-Q29 -> -525 | T29: -1577 | U29: =T29-R29 -> -526 | V29: -2103 | W29: =V29-T29 -> -526
B30: Payments of contingent earn-out consideration | C30: -2571 | D30: -2571 | E30: =D30-C30 -> 0 | F30: -2571 | G30: =F30-D30 -> 0 | H30: -2571 | I30: =H30-F30 -> 0 | J30: -5241 | K30: -5241 | L30: =K30-J30 -> 0 | M30: -5241 | N30: =M30-K30 -> 0 | O30: -5241 | P30: =O30-M30 -> 0 | Q30: -5769 | R30: -5769 | S30: =R30-Q30 -> 0 | T30: -2002 | U30: =T30-R30 -> 3767 | V30: -2002 | W30: =V30-T30 -> 0
B31: Proceeds from exercise of stock options | C31: 577 | D31: 5176 | E31: =D31-C31 -> 4599 | F31: 7100 | G31: =F31-D31 -> 1924 | H31: 7592 | I31: =H31-F31 -> 492 | J31: 2130 | K31: 4858 | L31: =K31-J31 -> 2728 | M31: 7909 | N31: =M31-K31 -> 3051 | O31: 10960 | P31: =O31-M31 -> 3051 | Q31: 3854 | R31: 5442 | S31: =R31-Q31 -> 1588 | T31: 6211 | U31: =T31-R31 -> 769 | V31: 10115 | W31: =V31-T31 -> 3904
B32: Proceeds from employee stock purchase plan | C32: 1963 | D32: 1963 | E32: =D32-C32 -> 0 | F32: 4379 | G32: =F32-D32 -> 2416 | H32: 4379 | I32: =H32-F32 -> 0 | J32: 2558 | K32: 2558 | L32: =K32-J32 -> 0 | M32: 5159 | N32: =M32-K32 -> 2601 | O32: 5159 | P32: =O32-M32 -> 0 | Q32: 2720 | R32: 2720 | S32: =R32-Q32 -> 0 | T32: 5459 | U32: =T32-R32 -> 2739 | V32: 5459 | W32: =V32-T32 -> 0
B33: Debt issuance costs | C33: 0 | D33: 0 | E33: =D33-C33 -> 0 | F33: -1505 | G33: =F33-D33 -> -1505 | H33: -1736 | I33: =H33-F33 -> -231 | L33: =K33-J33 -> 0 | M33: 0 | N33: =M33-K33 -> 0 | O33: 0 | P33: =O33-M33 -> 0 | S33: =R33-Q33 -> 0 | U33: =T33-R33 -> 0 | V33: 0 | W33: =V33-T33 -> 0
B34: Tax payments for stock-based compensation awards | C34: -1807 | D34: -2080 | E34: =D34-C34 -> -273 | F34: -2135 | G34: =F34-D34 -> -55 | H34: -2224 | I34: =H34-F34 -> -89 | J34: -10863 | K34: -11861 | L34: =K34-J34 -> -998 | M34: -12121 | N34: =M34-K34 -> -260 | O34: -12610 | P34: =O34-M34 -> -489 | Q34: -13057 | R34: -13527 | S34: =R34-Q34 -> -470 | T34: -14110 | U34: =T34-R34 -> -583 | V34: -14511 | W34: =V34-T34 -> -401
B35: Net cash used in financing activities | C35: -2889 | D35: 69511 | E35: =D35-C35 -> 72400 | F35: 180091 | G35: =F35-D35 -> 110580 | H35: 213537 | I35: =H35-F35 -> 33446 | J35: -115642 | K35: -185937 | L35: =K35-J35 -> -70295 | M35: -216071 | N35: =M35-K35 -> -30134 | O35: -214035 | P35: =O35-M35 -> 2036 | Q35: -12778 | R35: -12185 | S35: =R35-Q35 -> 593 | T35: -6019 | U35: =T35-R35 -> 6166 | V35: -3042 | W35: =V35-T35 -> 2977
B36: Net (decrease) increase in cash and cash equivalents | C36: -107616 | D36: -133267 | E36: =D36-C36 -> -25651 | F36: -131757 | G36: =F36-D36 -> 1510 | H36: -129650 | I36: =H36-F36 -> 2107 | J36: -4760 | K36: -5623 | L36: =K36-J36 -> -863 | M36: 51834 | N36: =M36-K36 -> 57457 | O36: 24588 | P36: =O36-M36 -> -27246 | Q36: 23044 | R36: 103681 | S36: =R36-Q36 -> 80637 | T36: 146389 | U36: =T36-R36 -> 42708 | V36: 153287 | W36: =V36-T36 -> 6898
B37: Cash and cash equivalents, beginning of the period | C37: 139444 | D37: 139444 | E37: =D37-C37 -> 0 | F37: 139444 | G37: =F37-D37 -> 0 | H37: 139444 | I37: =H37-F37 -> 0 | J37: 9794 | K37: 9794 | L37: =K37-J37 -> 0 | M37: 9794 | N37: =M37-K37 -> 0 | O37: 9794 | P37: =O37-M37 -> 0 | Q37: 34382 | R37: 34382 | S37: =R37-Q37 -> 0 | T37: 34382 | U37: =T37-R37 -> 0 | V37: 34382 | W37: =V37-T37 -> 0
B38: Cash and cash equivalents, end of the period | C38: 31828 | D38: 6177 | E38: =D38-C38 -> -25651 | F38: 7687 | G38: =F38-D38 -> 1510 | H38: 9794 | I38: =H38-F38 -> 2107 | J38: 5034 | K38: 4171 | L38: =K38-J38 -> -863 | M38: 61628 | N38: =M38-K38 -> 57457 | O38: 34382 | P38: =O38-M38 -> -27246 | Q38: 57426 | R38: 138063 | S38: =R38-Q38 -> 80637 | T38: 180771 | U38: =T38-R38 -> 42708 | V38: 187669 | W38: =V38-T38 -> 6898
B39: Supplemental disclosures of cash flow information
B40: Buildings and equipment acquired under operating leases | C40: 61180 | D40: 133237 | E40: =D40-C40 -> 72057 | F40: 148665 | G40: =F40-D40 -> 15428 | H40: 225968 | I40: =H40-F40 -> 77303 | J40: 55701 | K40: 112554 | L40: =K40-J40 -> 56853 | M40: 192906 | N40: =M40-K40 -> 80352 | O40: 201486 | P40: =O40-M40 -> 8580 | Q40: 68360 | R40: 128008 | S40: =R40-Q40 -> 59648 | T40: 167135 | U40: =T40-R40 -> 39127 | V40: 186937 | W40: =V40-T40 -> 19802
B41: Cash paid for interest, net of capitalized interest | C41: 1099 | D41: 1862 | E41: =D41-C41 -> 763 | F41: 3437 | G41: =F41-D41 -> 1575 | H41: 7403 | I41: =H41-F41 -> 3966 | J41: 4692 | K41: 7455 | L41: =K41-J41 -> 2763 | M41: 8871 | N41: =M41-K41 -> 1416 | O41: 9595 | P41: =O41-M41 -> 724 | Q41: 1195 | R41: 2121 | S41: =R41-Q41 -> 926 | T41: 3959 | U41: =T41-R41 -> 1838 | V41: 5830 | W41: =V41-T41 -> 1871
B42: Cash paid for income taxes, net of refunds | C42: 1763 | D42: 52943 | E42: =D42-C42 -> 51180 | F42: 71800 | G42: =F42-D42 -> 18857 | H42: 92923 | I42: =H42-F42 -> 21123 | J42: 1651 | K42: 60792 | L42: =K42-J42 -> 59141 | M42: 62105 | N42: =M42-K42 -> 1313 | O42: 61027 | P42: =O42-M42 -> -1078 | Q42: 1665 | R42: 10699 | S42: =R42-Q42 -> 9034 | T42: 26728 | U42: =T42-R42 -> 16029 | V42: 42875 | W42: =V42-T42 -> 16147
B43: Fixed assets accrued at the end of the period | C43: 104230 | D43: 109939 | E43: =D43-C43 -> 5709 | F43: 118453 | G43: =F43-D43 -> 8514 | H43: 116997 | I43: =H43-F43 -> -1456 | J43: 109161 | K43: 116555 | L43: =K43-J43 -> 7394 | M43: 150111 | N43: =M43-K43 -> 33556 | O43: 135707 | P43: =O43-M43 -> -14404 | Q43: 100091 | R43: 93506 | S43: =R43-Q43 -> -6585 | T43: 89090 | U43: =T43-R43 -> -4416 | V43: 65188 | W43: =V43-T43 -> -23902
B45: OPERATING ACTIVITIES
B46: Net income | C46: =C3 -> 70951 | D46: =D3 -> 152783 | E46: =E3 -> 81832 | F46: =F3 -> 228958 | G46: =G3 -> 76175 | H46: =H3 -> 298195 | I46: =I3 -> 69237 | J46: =J3 -> 71524 | ... W46: =W3 -> 47484
B47: (+) Depreciation & amortization | C47: =C5 -> 34613 | D47: =D5 -> 72566 | E47: =E5 -> 37953 | F47: =F5 -> 112691 | G47: =G5 -> 40125 | H47: =H5 -> 155023 | I47: =I5 -> 42332 | J47: =J5 -> 46352 | ... W47: =W5 -> 59783
B48: (+) Stock-based compensation | C48: =C6 -> 5980 | D48: =D6 -> 10869 | E48: =E6 -> 4889 | F48: =F6 -> 17229 | G48: =G6 -> 6360 | H48: =H6 -> 22233 | I48: =I6 -> 5004 | J48: =J6 -> 6741 | ... W48: =W6 -> 8077
B49: (+/-) Other items | C49: =SUM(C7:C10) -> 630 | D49: =SUM(D7:D10) -> 3921 | E49: =SUM(E7:E10) -> 3291 | F49: =SUM(F7:F10) -> 3362 | G49: =SUM(G7:G10) -> -559 | H49: =SUM(H7:H10) -> 5188 | I49: =SUM(I7:I10) -> 1826 | J49: =SUM(J7:J10) -> -5926 | ... W49: =SUM(W7:W10) -> 14624
B50: Change in Working Capital
B51: Receivables (net) | C51: =C12 -> -16291 | D51: =D12 -> -15936 | E51: =E12 -> 355 | F51: =F12 -> -21014 | G51: =G12 -> -5078 | H51: =H12 -> -12150 | I51: =I12 -> 8864 | J51: =J12 -> 6740 | ... W51: =W12 -> 2865
B52: Inventories (net) | C52: =C13 -> -141363 | D52: =D13 -> -335968 | E52: =E13 -> -194605 | F52: =F13 -> -312288 | G52: =G13 -> 23680 | H52: =H13 -> -283438 | I52: =I13 -> 28850 | J52: =J13 -> 111189 | ... W52: =W13 -> -86592
B53: Accounts payble | C53: =C14 -> 27661 | D53: =D14 -> 110923 | E53: =E14 -> 83262 | F53: =F14 -> -25761 | G53: =G14 -> -136684 | H53: =H14 -> -84732 | I53: =I14 -> -58971 | J53: =J14 -> 47176 | ... W53: =W14 -> 61591
B54: Accrued expenses & other | C54: =C15 -> -3969 | D54: =D15 -> 26174 | E54: =E15 -> 30143 | F54: =F15 -> 27796 | G54: =G15 -> 1622 | H54: =H15 -> 38716 | I54: =I15 -> 10920 | J54: =J15 -> -68733 | ... W54: =W15 -> 9538
B55: Income tax | C55: =C16 -> 19842 | D55: =D16 -> -10681 | E55: =E16 -> -30523 | F55: =F16 -> -6360 | G55: =G16 -> 4321 | H55: =H16 -> -8865 | I55: =I16 -> -2505 | J55: =J16 -> 25495 | ... W55: =W16 -> -19183
B56: Deferred revenue | C56: =C17 -> 7529 | D56: =D17 -> 5728 | E56: =E17 -> -1801 | F56: =F17 -> 1415 | G56: =G17 -> -4313 | H56: =H17 -> -4432 | I56: =I17 -> -5847 | J56: =J17 -> 4358 | ... W56: =W17 -> 691
B57: Other (net) | C57: =C18 -> -8916 | D57: =D18 -> -12526 | E57: =E18 -> -3610 | F57: =F18 -> -18703 | G57: =G18 -> -6177 | H57: =H18 -> -13288 | I57: =I18 -> 5415 | J57: =J18 -> 5364 | ... W57: =W18 -> 2509
B58: CASH FLOW FROM OPERATIONS | C58: =SUM(C46:C57) -> -3333 | D58: =SUM(D46:D57) -> 7853 | E58: =SUM(E46:E57) -> 11186 | F58: =SUM(F46:F57) -> 7325 | G58: =SUM(G46:G57) -> -528 | H58: =SUM(H46:H57) -> 112450 | I58: =SUM(I46:I57) -> 105125 | J58: =SUM(J46:J57) -> 250280 | ... W58: =SUM(W46:W57) -> 101387
B59: INVESTING ACTIVITIES
B60: Purchase of fixed assets | C60: =C21 -> -100904 | D60: =D21 -> -214283 | E60: =E21 -> -113379 | F60: =F21 -> -322825 | G60: =G21 -> -108542 | H60: =H21 -> -456600 | I60: =I21 -> -133775 | J60: =J21 -> -139398 | ... W60: =W21 -> -97466
B61: Acquisitions & other | C61: =SUM(C22:C23) -> -490 | D61: =SUM(D22:D23) -> 3652 | E61: =SUM(E22:E23) -> 4142 | F61: =SUM(F22:F23) -> 3652 | G61: =SUM(G22:G23) -> 0 | H61: =SUM(H22:H23) -> 963 | I61: =SUM(I22:I23) -> -2689 | J61: =SUM(J22:J23) -> 0 | ... W61: =SUM(W22:W23) -> 0
B62: CASH FLOW FROM INVESTING | C62: =SUM(C60:C61) -> -101394 | D62: =SUM(D60:D61) -> -210631 | E62: =SUM(E60:E61) -> -109237 | F62: =SUM(F60:F61) -> -319173 | G62: =SUM(G60:G61) -> -108542 | H62: =SUM(H60:H61) -> -455637 | I62: =SUM(I60:I61) -> -136464 | J62: =SUM(J60:J61) -> -139398 | ... W62: =SUM(W60:W61) -> -97466
B63: FINANCING ACTIVITIES
B64: (+/-) Change in debt | C64: =SUM(C26:C29) -> -1051 | D64: =SUM(D26:D29) -> 67023 | E64: =SUM(E26:E29) -> 68074 | F64: =SUM(F26:F29) -> 174823 | G64: =SUM(G26:G29) -> 107800 | H64: =SUM(H26:H29) -> 208097 | I64: =SUM(I26:I29) -> 33274 | J64: =SUM(J26:J29) -> -104226 | ... W64: =SUM(W26:W29) -> -526
B65: (+/-) Change in stock | C65: =SUM(C31:C32) -> 2540 | D65: =SUM(D31:D32) -> 7139 | E65: =SUM(E31:E32) -> 4599 | F65: =SUM(F31:F32) -> 11479 | G65: =SUM(G31:G32) -> 4340 | H65: =SUM(H31:H32) -> 11971 | I65: =SUM(I31:I32) -> 492 | J65: =SUM(J31:J32) -> 4688 | ... W65: =SUM(W31:W32) -> 3904
B66: (+/-) Other items | C66: =SUM(C30,C33,C34) -> -4378 | D66: =SUM(D30,D33,D34) -> -4651 | E66: =SUM(E30,E33,E34) -> -273 | F66: =SUM(F30,F33,F34) -> -6211 | G66: =SUM(G30,G33,G34) -> -1560 | H66: =SUM(H30,H33,H34) -> -6531 | I66: =SUM(I30,I33,I34) -> -320 | J66: =SUM(J30,J33,J34) -> -16104 | ... W66: =SUM(W30,W33,W34) -> -401
B67: CASH FLOW FROM FINANCING | C67: =SUM(C64:C66) -> -2889 | D67: =SUM(D64:D66) -> 69511 | E67: =SUM(E64:E66) -> 72400 | F67: =SUM(F64:F66) -> 180091 | G67: =SUM(G64:G66) -> 110580 | H67: =SUM(H64:H66) -> 213537 | I67: =SUM(I64:I66) -> 33446 | J67: =SUM(J64:J66) -> -115642 | ... W67: =SUM(W64:W66) -> 2977
B68: NET CHANGE IN CASH | C68: =SUM(C58,C62,C67) -> -107616 | D68: =SUM(D58,D62,D67) -> -133267 | E68: =SUM(E58,E62,E67) -> -25651 | F68: =SUM(F58,F62,F67) -> -131757 | G68: =SUM(G58,G62,G67) -> 1510 | H68: =SUM(H58,H62,H67) -> -129650 | I68: =SUM(I58,I62,I67) -> 2107 | J68: =SUM(J58,J62,J67) -> -4760 | ... W68: =SUM(W58,W62,W67) -> 6898
